Workbook

Sheet BASE GENERAL
A1: APELLIDO | B1: NOMBRE | C1: TIPO TITULO | D1: TITULO | E1: INSTITUCION | F1: AÑO EGRESO
A2: ABRAHAM | B2: MORIANA | C2: Especialista | D2: Especialista en Enseñanza de la Arquitectura y el Diseño | E2: Facultad de Arquitectura, Urbanismo y Diseño - UNC | F2: 2017
A3: ALANIZ | B3: EUGENIA | C3: Magister | D3: Magister en Gestion y Auditorias Ambientales | E3: Universidad Palma de Gran Canarias | F3: 2003
A4: ALANIZ | B4: EUGENIA | C4: Magister | D4: Magister en Gestión y Dirección de las organizaciones | E4: Universidad Blas Pascal | F4: 2023
A5: ALANIZ | B5: EUGENIA | C5: Magister | D5: Magister en Higiene y Seguridad Laboral | E5: Instituto Argentino de Higiene y Seguridad | F5: 2004
A6: ALANIZ | B6: EUGENIA | C6: Magister | D6: Magister en Hydrology | E6: UNESCO-IHE International Institute for water Education | F6: 1997
A7: ALBERTO | B7: CAROLINA ANDREA | C7: NULL | D7: CURSO DE POSGRADO DIMU DISEÑO EN MUEBLES | E7: UNC - FAUDI | F7: 2006
A8: ALMADA | B8: PABLO FERNANDO | C8: Doctor | D8: DOCTOR EN ARQUITECTURA | E8: UNIVERSIDAD NACIONAL DE CÓRDOBA - FACULTAD DE ARQUITECTURA, URBANISMO Y DISEÑO | F8: 2018
A9: ALVAREZ | B9: CRUZ SEBASTIAN | C9: Especialista | D9: ESPECIALISTA DOCENTE DE NIVEL SUPERIOR EN EDUCACIÓN EN CONTEXTO DE ENCIERRO | E9: INSTITUTO DE EDUCACIÓN SUPERIOR DR. DOMINGO CABRED | F9: 2012
A10: ÁLVAREZ ARGAÑARAS | B10: JUAN ANTONIO | C10: Especialista | D10: ESPECIALISTA EN DOCENCIA UNIVERSITARIA | E10: UNIVERSIDAD TECNOLÓGICA NACIONAL
A11: AMBROSIO | B11: CARLOS ADRIAN | C11: Especialista | D11: ESPECIALISTA EN HIGIENE Y SEGURIDAD EN EL TRABJAO | E11: UNIVERSIDAD TECNOLOGICA NACIONAL | F11: 2016
A12: AMBROSIO | B12: CARLOS ADRIAN | C12: Especialista | D12: ESPECIALISTA EN INGENIERIA GERENCIAL | E12: UNIVERSIDAD TECNOLOGICA NACIONAL | F12: 2018
A13: AMINAHUEL | B13: ARIANA AIME | C13: Doctor | D13: DOCTORA EN ADMINISTRACION Y POLITICA PUBLICA | E13: UNIVERSIDAD NACIONAL DE CORDOBA | F13: 2022
A14: ANDREUCCI | B14: MARÍA LUCILA | C14: Magister | D14: MAGISTER EN GERENCIA Y ADMINISTRACION DE SERVICIOS DE SALUD | E14: UNIVERSIDAD NACIAONAL DE CORDOBA | F14: 2021
A15: ANGONOA | B15: LUCIANO MANUEL | C15: NULL | D15: POSGRADO ONLINE DE ARTES MEDIALES | E15: UNIVERSIDAD NACIONAL DE CORDOBA
A16: ARGÜELLO | B16: JUAN ALBERTO | C16: Doctor | D16: DOCTOR EN CIENCIAS BIOLÓGICAS | E16: UNIVERSIDAD NACIONAL DEL SUR | F16: 1988
A17: ARGÜELLO | B17: JUAN ALBERTO | C17: Especialista | D17: DOCENTE UNIVERSITARIO EN FISIOLOGÍA VEGETAL | E17: UNIVERSIDAD NACIONAL DE CORDOBA | F17: 1996
A18: ARGÜELLO | B18: JUAN ALBERTO | C18: Magister | D18: MAGISTER EN PLANIFICACIÓN Y GESTIÓN EDUCACIONAL | E18: UNIVERSIDAD DIEGO PORTALES | F18: 2004
A19: ARGÜELLO | B19: JUAN ALBERTO | C19: NULL | D19: POST DOCTORADO EN BIOLOGIA MOLECULAR | E19: UNIVERSIDAD DE ALCALA DE HENARES | F19: 1998
A20: ARIZA | B20: GRACIELA DEL VALLE | C20: Doctor | D20: Doctor en Derecho y Cs. Soc. | E20: UNIVERSIDAD NACIONAL DE CORDOBA | F20: 2003
A21: ARIZA | B21: GRACIELA DEL VALLE | C21: Doctor | D21: Doctor Honoris Causa | E21: CENTRO UNIVERSITARIO EMMANUEL KANT (MÉXICO | F21: 2016
A22: ARIZA | B22: GRACIELA DEL VALLE | C22: Especialista | D22: DIPLOMADO EN DERECHOS HUMANOS | E22: UNIVERSIDAD BLAS PASCAL | F22: 2000
A23: ARIZA | B23: GRACIELA DEL VALLE | C23: Magister | D23: Magíster en Derecho y Argumentación Jurídica | E23: UNC | F23: 2018
A24: ARIZA | B24: GRACIELA DEL VALLE | C24: NULL | D24: SEMINARIO SOBRE POSICIÓN JURÍDICA DE LAS CONFESIONES RELIGIOSAS Y DE SUS ENTIDADES EN EL ORDENAMIENT | E24: UNIVERSIDAD POMPEU FABRA FACULTAD DE DERECHO BARCELONA ESPAÑA> | F24: 1998
A25: ARNOLETTO | B25: MARIELA SILVINA | C25: Especialista | D25: ESPECIALISTA EN ENSEÑANZA DE LA EDUCACIÓN SUPERIOR | E25: UNIVERSIDAD CATÓLICA DE CUYO | F25: 2004
A26: AUDISIO | B26: MARÍA DEL VALLE | C26: Especialista | D26: ESPECIALISTA EN DOCENCIA UNIVERSITARIA | E26: Facultad de Filosofía y Letra-U.N.Cuyo | F26: 2016
A27: AYME | B27: RUBÉN ESTEBAN | C27: Especialista | D27: ESPECIALISTA EN LA ENSEÑANZA DE LA EDUCACIÓN SUPERIOR | E27: UNIVERSIDAD CATÓLICA DE CUYO | F27: 2001
A28: AYME | B28: RUBÉN ESTEBAN | C28: Magister | D28: MAGISTER EN ADMINISTRACIÓN DE EMPRESAS | E28: UNIVERSIDAD DIEGO PORTALES
A29: BARONE | B29: LORENZO DANIEL | C29: Doctor | D29: Doctor en Derecho y Ciencias Sociales | E29: universidad nacional de córdoba - fac. Derecho y Cs. Sociales | F29: 2016
A30: BARONE | B30: LORENZO DANIEL | C30: Especialista | D30: ESPECIALIZACIÓN EN DERECHO PROCESAL CONSTITUCIONAL | E30: universidad Blas Pascal | F30: 2012
A31: BARONI | B31: PAOLA ANDREA | C31: Doctor | D31: DOCTORA EN RELACIONES INTERNACIONALES | E31: UNIVERSIDADA NACIONAL DE ROSARIO | F31: 2019
A32: BARSEGHIAN | B32: TRISTANA | C32: Especialista | D32: ESPECIALISTA EN ENSEÑANZA DE LA EDUCACIÓN SUPERIOR | E32: UNIVERSIDAD CATÓLICA DE CUYO | F32: 2001
A33: BARSEGHIAN | B33: TRISTANA | C33: Magister | D33: MAGISTER EN DIRECCIÓN DE COMUNIC. INSTITUCIONALES | E33: UNIVERSIDAD DE CIENCIAS EMPRESARIALES Y SOCIALES | F33: 2005
A34: BARSEGHIAN | B34: TRISTANA | C34: Magister | D34: MAGISTER EN PLANIFICACIÓN Y GESTIÓN EDUCACIONAL | E34: UNIVERSIDAD DIEGO PORTALES | F34: 2004
A35: BATISTELLA | B35: SILVANA DEL VALLE | C35: Especialista | D35: ESPECIALISTA EN ENSEÑANZA DE LA EDUCACIÓN SUPERIOR | E35: UNIVERSIDAD CATÓLICA DE CUYO | F35: 2000
A36: BAVIO | B36: EDUARDO ANTONIO | C36: Magister | D36: MAGISTER EN PLANIFICACIÓN Y GESTIÓN EDUCACIONAL | E36: UNIVERSIDAD DIEGO PORTALES | F36: 2003
A37: BELTRAMONE | B37: GIULIANA BEATRIZ | C37: Magister | D37: Maestría en Aplicaciones de Información Espacial | E37: Instituto Gulich | F37: 2021
A38: BERARDO | B38: MATÍAS DANTE | C38: Doctor | D38: DOCTOR EN DERECHO Y CIENCIAS SOCIALES | E38: UNIVERSIDAD NACIONAL DE CÓRDOBA | F38: 2016
A39: BERARDO | B39: MATÍAS DANTE | C39: Especialista | D39: ESPECIALISTA EN DERECHO DEL TRABAJO | E39: UNIVERSIDAD NACIONAL DE CÓRDOBA | F39: 2018
A40: BERARDO | B40: MATÍAS DANTE | C40: Especialista | D40: ESPECIALISTA EN DERECHO PROCESAL CONSTITUCIONAL | E40: UNIVERSIDAD BLAS PASCAL | F40: 2012
A41: BERTONA | B41: CAROLA | C41: Especialista | D41: ESPECIALISTA EN GESTIÓN Y CONDUCCIÓN DEL SISTEMA EDUCATIVO Y SUS INSTITUCIONES | E41: FLACSO | F41: 2011
A42: BIANCONI | B42: TICIANO MARCELO | C42: Magister | D42: Magister en administración de empresas (MBA) | E42: US21
A43: BIANCONI | B43: TICIANO MARCELO | C43: Magister | D43: Magister en política y gestión universitaria | E43: Universitat de Barcelona
A44: BINO | B44: ROSANNA ELIZABETH | C44: Doctor | D44: DOCTORA EN ECONOMIA SOCIAL | E44: UNIVERSIDAD INTERNACIONAL DE ANDALUCIA | F44: 2014
A45: BINO | B45: ROSANNA ELIZABETH | C45: Especialista | D45: Especialista en Ingeniería en Calidad | E45: Universidad Tecnológica de Córdoba | F45: 2006
A46: BINO | B46: ROSANNA ELIZABETH | C46: Magister | D46: MASTER UNIVERSITARIO EN GESTION DE EMPRESAS: PYMES Y ECONOMIA SOCIAL | E46: UNIVERSIDAD INTERNACIONAL DE ANDALUCIA
A47: BINO | B47: ROSANNA ELIZABETH | C47: Magister | D47: Mgter en Gestión Pública de Turismo: Sostenibilidad y Competitividad | E47: Universidad Internacional de Andalucía y Universidad de Huelva | F47: 2005
A48: BÍSARO | B48: MAURICIO GABRIEL | C48: Especialista | D48: ESPECIALISTA EN TELECOMUNICACIONES TELEFÓNICAS | E48: UNIVERSIDAD NACIONAL DE CORDOBA | F48: 2006
A49: BISIGNANO | B49: RODOLFO | C49: Magister | D49: MAGISTER EN RELACIONES INTERNACIONALES | E49: UNIVERSIDAD NACIONAL DE CÓRDOBA
A50: BOAGLIO | B50: LAURA LEONOR | C50: Especialista | D50: ESPECIALISTA EN ENSEÑANZA DE LA EDUCACIÓN SUPERIOR | E50: UNIVERSIDAD CATÓLICA DE CUYO | F50: 2000
A51: BOAGLIO | B51: LAURA LEONOR | C51: Magister | D51: MAGISTER EN PLANIFICACIÓN Y GESTIÓN EDUCACIONAL | E51: UNIVERSIDAD DIEGO PORTALES | F51: 2003
A52: BOLATTI | B52: PABLO SEBASTIÁN | C52: Especialista | D52: Auditor de Normas de Calidad ISO 9001 | E52: Arcor | F52: 2005
A53: BOLATTI | B53: PABLO SEBASTIÁN | C53: Especialista | D53: Color Managment - Color sobre procesos gráficos | E53: Fundación Gutenberg | F53: 2004
A54: BOLATTI | B54: PABLO SEBASTIÁN | C54: Especialista | D54: Habilidades Intrapersonales | E54: Instituto Cinman | F54: 2007
A55: BOLATTI | B55: PABLO SEBASTIÁN | C55: Especialista | D55: TPM - Total Productive Maintenance | E55: Arcor | F55: 2006
A56: BONALDI | B56: SONIA LILIANA | C56: Especialista | D56: Prof. en Psicopedagogia | E56: Universidad Blas Pascal | F56: 2008
A57: BORDA | B57: VILMA BLANCA | C57: Magister | D57: MAGISTER EN GESTIÓN Y DESARROLLO DEL TURISMO, CON ESPECIALIDAD EN EMPRESAS TURÍSTICAS | E57: UNIVERSIDAD NACIONAL QUILMES | F57: 2015
A58: BORGARELLO | B58: ESTHER SUSANA | C58: Doctor | D58: DOCTOR EN DERECHO Y CIENCIAS SOCIALES | E58: UNIVERSIDAD NACIONAL DE CORDOBA | F58: 1995
A59: BORGARELLO | B59: ESTHER SUSANA | C59: Doctor | D59: posdoctorado | E59: universidad nacional de cordoba
A60: BRIDOUX | B60: VIVIANA ESTELA | C60: Especialista | D60: Esp. en Enseñanza Superior de la Arquitectura y el Diseño | E60: FAUD -UNC | F60: 2013
A61: BRITO ARRIBAS | B61: JAVIER FERNANDO | C61: NULL | D61: CURSO DE POSGRADO REDACCION DE TEXTOS ACADEMICOS Y CIENTIFICOS | E61: UNIVERSIDAD NACIONAL DE CORDOBA | F61: 2010
A62: BUSTOS | B62: ARIEL EDUARDO | C62: Especialista | D62: DIPLOMATURA EN PRESERVACIÓN DEL PATRIMONIO NATURAL Y CULTURAL | E62: UNIVERSIDAD BLAS PASCAL | F62: 2012
A63: BUZELIN HARO | B63: CORINA MARGARITA | C63: Magister | D63: MAESTRIA EN LENGUAJES E INTERCULTURALDAD | E63: UNIVERSIDAD NACIONAL DE CORDOBA | F63: 2019
A64: CALIGARIS | B64: HUGO CARLOS | C64: Magister | D64: MAGISTER EN DIRECCIÓN Y GESTIÓN DE ORGANIZACIONES | E64: UNIVERSIDAD BLAS PASCAL | F64: 2018
A65: CALVIMONTE | B65: BEATRIZ | C65: Magister | D65: MASTER | E65: U.N.T.F. | F65: 2008
A66: CANAVESIO | B66: CARLOS DEL VALLE | C66: Magister | D66: MAGISTER EN DIRECCION Y GESTION DE ORGANIZACIONES | E66: UNIVERSIDAD BLAS PASCAL | F66: 2019
A67: CANTABERTA | B67: MARÍA JOSÉ | C67: Especialista | D67: ESPECIALISTA EN DERECHO PÚBLICO | E67: UNIVERSIDAD NACIONAL DE CORDOBA | F67: 1993
A68: CAPDEVILA | B68: TOMÁS | C68: Magister | D68: MAGISTER EN DERECHO EMPRESARIO | E68: UNIVERSIDAD AUSTRAL | F68: 1996
A69: CAPELLO | B69: MARCELO LUIS | C69: Especialista | D69: ESPECIALISTA EN ECONOMÍA DE LAS POLÍTICAS SOCIALES | E69: INSTITUTO LATINOAMERICANO DE DOCTRINA Y ESTUDIOS SOCIALES | F69: 2000
A70: CAPELLO | B70: MARCELO LUIS | C70: Magister | D70: MASTER OF ARTS IN ECONOMICS | E70: GEORGETOWN UNIVERSITY | F70: 2002
A71: CAPUCCINO VOLANDO | B71: ANA JULIA | C71: Especialista | D71: Comunicación Ambiental | E71: Universidad Nacional de Rosario | F71: 2012
... A73: CARRERA | B73: CECILIA SOLEDAD | C73: Especialista | D73: Especialista en Derecho Judicial y de la Judicatura | E73: Universidad Católica de Córdoba | F73: 2016
A74: CARRIZO | B74: JOSÉ ROBERTO | C74: Magister | D74: MÁSTER EN POLITICA Y GESTION UNIVERSITARIA | E74: UNIVERSIDAD DE BARCELONA
A75: CARRIZO STAUFFER | B75: CARLA ELIZABETH | C75: Especialista | D75: Especialista en Docencia Universitaria | E75: UTN Reg.Córdoba | F75: 2013
A76: CASSUTTI | B76: MARCELA BEATRIZ | C76: Especialista | D76: Curso de postgrado en Administración de Empresas de Salud | E76: IUA - Instituto Universitario Aeronáutico - | F76: 1998
A77: CASTAGNOLA | B77: JUAN LUIS | C77: Doctor | D77: Doctor en Ingeniería Electrónica | E77: Universidad Católica de Córdoba | F77: 2019
A78: CASTAÑEDA | B78: ARIEL ALEJANDRO | C78: Magister | D78: MÁSTER EN POLÍTICA Y GESTIÓN UNIVERSITARIA | E78: 2016 | F78: 2016
A79: CENDOYA | B79: MARÍA EUGENIA | C79: Magister | D79: MAGISTER EN GESTIÓN EDUCACIONAL | E79: UNIVERSIDAD DIEGO PORTALES | F79: 2003
A80: CHAUTEMPS | B80: NORMA ADRIANA | C80: Magister | D80: MAGISTER EN TECNOLOGÍA INFORMÁTICA APLICADA EN EDUC. | E80: UNIVERSIDAD NACIONAL DE LA PLATA | F80: 2008
A81: CHIALVA | B81: JUAN MARTÍN | C81: Especialista | D81: ESPECIALISTA EN DOCENCIA UNIVERSITARIA | E81: UNIVERSIDAD TECNOLÓGICA NACIONAL | F81: 2015
A82: CIARROCCA | B82: LAURA ELIZABETH | C82: Especialista | D82: Especialista en Derecho de Familia | E82: Universidad Nacional de Córdoba | F82: 2008
A83: CONCI | B83: ESTEBAN FERMIN | C83: Especialista | D83: NULL | E83: UNIVERSIDAD TECNOLÓGICA NACIONAL | F83: 2014
A84: CORDOBA | B84: MATIAS PABLO | C84: Doctor | D84: DOCTORADO EN ARQUITECTURA | E84: UNIVERSIDAD DEL PAIS VASCO | F84: 2016
A85: CORDOBA | B85: MATIAS PABLO | C85: Magister | D85: MASTER UNIVERSITARIO ERASMUS MUNDUS EN DIAGNOSIS | E85: UNIVERSIDAD DE SEVILLA | F85: 2013
A86: CORDOBA | B86: MATIAS PABLO | C86: Magister | D86: MASTER UNIVERSITARIO EN PERITACION Y REPARACION DE EDIFCIOS | E86: UNIVERSIDAD DE SEVILLA | F86: 2012
... A88: CÓRDOBA | B88: MARCELO DANIEL | C88: Especialista | D88: ESPECIALISTA EN INVESTIGACIÓN DE LA COMUNICACIÓN | E88: UNIVERSIDAD NACIONAL DE CÓRDOBA | F88: 2006
A89: CURARELLO | B89: PABLO ERNESTO | C89: Especialista | D89: ESP. ENTORNOS VIRTUALES DE APRENDIZAJE | E89: VIRTUAL EDUCA - OEA
A90: CURTINO | B90: MARÍA CRISTINA | C90: Especialista | D90: ESPECIALISTA EN DERECHO MERCANTIL | E90: UNIVERSIDAD DE SALAMANCA | F90: 2000
A91: DADONE | B91: LUCIANA MABEL | C91: Magister | D91: Magíster en Dirección Cinematográfica | E91: Universidad San Pablo CEU ESPAÑA | F91: 2002
A92: DE CICCO | B92: AGOSTINA ALICIA | C92: Especialista | D92: ESPECIALISTA EN HIGIENE Y SEGURIDAD EN EL TRABAJO | E92: UNIVERSIDAD TECNOLOGICA NACIONAL | F92: 2011
A93: DE GAETANO | B93: FERNANDA GABRIELA | C93: Especialista | D93: ESPEC.EN ESTRUC.JURÍD. ECON.DE LA REGUL.ENERGÉTICA | E93: UNIVERSIDAD DE BUENOS AIRES | F93: 2003
A94: DE GAETANO | B94: ANDRÉS MARCELO | C94: Especialista | D94: ESPECIALISTA EN ABOGACIA DEL ESTADO | E94: ESCUELA DEL CUERPO DE ABOGADOS DEL ESTADO - ECAE | F94: 2014
A95: DE LA CUEVA | B95: DANIEL GUSTAVO | C95: Especialista | D95: Seminario de Posgrado Estudios Olimpicos | E95: Academia Olímpica Internacional | F95: 2009
A96: DE LA CUEVA | B96: DANIEL GUSTAVO | C96: Magister | D96: MASTER EN GESTION Y DIRECCION DEPORTIVA | E96: INSTITUTO NACIONAL DE EDUCACION FISICA DE LERIDA (ESPAÑA) | F96: 1998
A97: DELLA GIUSTINA | B97: SEBASTIÁN | C97: NULL | D97: Diploma Superior en Pedagogía de las Diferencias | E97: FLACSO | F97: 2023
A98: DEMARIA | B98: MARIELA LORENA | C98: Magister | D98: MAESTRIA EN DIRECCION ESTRATEGICA | E98: LA UNIVERSIDAD INTERNACIONAL IBEROAMERICANA | F98: 2017
A99: DI MARCO | B99: GISELA ELIZABETH | C99: Especialista | D99: en Producción de Textos Críticos y de Difusión Mediática de las Artes | E99: UNIVERSIDAD NACIONAL DE LAS ARTES | F99: 2019
A100: DISANDRO | B100: GRACIELA LEONOR | C100: Especialista | D100: ESPECIALISTA EN ENSEÑANZA DE LA EDUCACIÓN SUPERIOR | E100: UNIVERSIDAD CATÓLICA DE CUYO | F100: 2000
A101: DISANDRO | B101: GRACIELA LEONOR | C101: Especialista | D101: ESPECIALISTA EN ENTORNOS VIRTUALES DE APRENDIZAJE | E101: Organización de Estados Iberoamericanos / Virtual Educa (OEI) | F101: 2011
... A103: DOMENICONI | B103: JORGE ALBERTO | C103: Especialista | D103: ESPECIALISTA EN ENSEÑANZA DE LA EDUCACIÓN SUPERIOR | E103: UNIVERSIDAD CATÓLICA DE CUYO | F103: 2001
...

Sheet LAB-CyD
A1: APELLIDO | B1: NOMBRE | C1: TIPO TITULO | D1: TITULO | E1: INSTITUCION | F1: AÑO EGRESO | G1: Email
A2: ABRAHAM | B2: MORIANA | C2: Especialista | D2: Especialista en Enseñanza de la Arquitectura y el Diseño | E2: Facultad de Arquitectura, Urbanismo y Diseño - UNC | F2: 2017 | G2: =_xlfn.XLOOKUP(LAB_CyD[[#This Row],[NOMBRE]]&" "&LAB_CyD[[#This Row],[APELLIDO]],Mails!A:A,Mails!B:B,"")
A3: ALBERTO | B3: CAROLINA ANDREA | D3: CURSO DE POSGRADO DIMU DISEÑO EN MUEBLES | E3: UNC - FAUDI | F3: 2006 | G3: =_xlfn.XLOOKUP(LAB_CyD[[#This Row],[NOMBRE]]&" "&LAB_CyD[[#This Row],[APELLIDO]],Mails!A:A,Mails!B:B,"") -> caroalberto.ca@gmail.com
A4: ALMADA | B4: PABLO FERNANDO | C4: Doctor | D4: DOCTOR EN ARQUITECTURA | E4: UNIVERSIDAD NACIONAL DE CÓRDOBA - FACULTAD DE ARQUITECTURA, URBANISMO Y DISEÑO | F4: 2018 | G4: =_xlfn.XLOOKUP(LAB_CyD[[#This Row],[NOMBRE]]&" "&LAB_CyD[[#This Row],[APELLIDO]],Mails!A:A,Mails!B:B,"") -> almada1970@yahoo.com.ar
A5: BOLATTI | B5: PABLO SEBASTIÁN | C5: Especialista | D5: Color Managment - Color sobre procesos gráficos | E5: Fundación Gutenberg | F5: 2004 | G5: =_xlfn.XLOOKUP(LAB_CyD[[#This Row],[NOMBRE]]&" "&LAB_CyD[[#This Row],[APELLIDO]],Mails!A:A,Mails!B:B,"")
A6: BRIDOUX | B6: VIVIANA ESTELA | C6: Especialista | D6: Esp. en Enseñanza Superior de la Arquitectura y el Diseño | E6: FAUD -UNC | F6: 2013 | G6: =_xlfn.XLOOKUP(LAB_CyD[[#This Row],[NOMBRE]]&" "&LAB_CyD[[#This Row],[APELLIDO]],Mails!A:A,Mails!B:B,"")
A7: CARRANZA | B7: JUAN PABLO | C7: Magister | D7: MAGISTER EN PERIODISMO | E7: UNIVERSIDAD TORCUATO DI TELLA | F7: 2017 | G7: =_xlfn.XLOOKUP(LAB_CyD[[#This Row],[NOMBRE]]&" "&LAB_CyD[[#This Row],[APELLIDO]],Mails!A:A,Mails!B:B,"")
A8: CORDOBA | B8: MATIAS PABLO | C8: Doctor | D8: DOCTORADO EN ARQUITECTURA | E8: UNIVERSIDAD DEL PAIS VASCO | F8: 2016 | G8: =_xlfn.XLOOKUP(LAB_CyD[[#This Row],[NOMBRE]]&" "&LAB_CyD[[#This Row],[APELLIDO]],Mails!A:A,Mails!B:B,"")
A9: CÓRDOBA | B9: MARCELO DANIEL | C9: Especialista | D9: ESPECIALISTA EN INVESTIGACIÓN DE LA COMUNICACIÓN | E9: UNIVERSIDAD NACIONAL DE CÓRDOBA | F9: 2006 | G9: =_xlfn.XLOOKUP(LAB_CyD[[#This Row],[NOMBRE]]&" "&LAB_CyD[[#This Row],[APELLIDO]],Mails!A:A,Mails!B:B,"")
A10: FARRÉ | B10: MARÍA MARCELA | C10: Doctor | D10: DOCTORA EN COMUNICACIÓN | E10: ESPAÑA | F10: 2001 | G10: =_xlfn.XLOOKUP(LAB_CyD[[#This Row],[NOMBRE]]&" "&LAB_CyD[[#This Row],[APELLIDO]],Mails!A:A,Mails!B:B,"") -> mfarre@ubp.edu.ar
A11: FIGUERAS | B11: ALBERTO JOSÉ | C11: Especialista | D11: en Comunicación de la Ciencia | E11: FAMAF-UNC | F11: 2017 | G11: =_xlfn.XLOOKUP(LAB_CyD[[#This Row],[NOMBRE]]&" "&LAB_CyD[[#This Row],[APELLIDO]],Mails!A:A,Mails!B:B,"")
A12: FRAENZA | B12: JOSÉ FERNANDO | C12: Magister | D12: MAGISTER EN DISEÑO | E12: UNIVERSIDAD DEL BÍO-BÍO | F12: 1994 | G12: =_xlfn.XLOOKUP(LAB_CyD[[#This Row],[NOMBRE]]&" "&LAB_CyD[[#This Row],[APELLIDO]],Mails!A:A,Mails!B:B,"")
A13: GOMEZ GOMEZ | B13: JHON MARIO | C13: Especialista | D13: ESPECIALISTA PRINCIPAL EN TEORIA DEL DISEÑO COMUNICACIONAL | E13: UNIVERSIDAD DE BUENOS AIRES | F13: 2009 | G13: =_xlfn.XLOOKUP(LAB_CyD[[#This Row],[NOMBRE]]&" "&LAB_CyD[[#This Row],[APELLIDO]],Mails!A:A,Mails!B:B,"")
A14: KRAPACHER | B14: CLAUDIO RICARDO | C14: Doctor | D14: Doctor en Ciencias Químicas | E14: Facultad de Ciencias Químicas UNC | F14: 2018 | G14: =_xlfn.XLOOKUP(LAB_CyD[[#This Row],[NOMBRE]]&" "&LAB_CyD[[#This Row],[APELLIDO]],Mails!A:A,Mails!B:B,"")
A15: LAGUINGE | B15: LEOPOLDO | C15: Magister | D15: MASTER EN ARQUITECTURA | E15: UNIVERSITY OF CINCINNATI | F15: 1985 | G15: =_xlfn.XLOOKUP(LAB_CyD[[#This Row],[NOMBRE]]&" "&LAB_CyD[[#This Row],[APELLIDO]],Mails!A:A,Mails!B:B,"")
... A17: LIBORIO | B17: MIRIAM GLADYS | C17: Magister | D17: MAGISTER EN DISEÑO ARQUITECTÓNICO Y URBANO | E17: UNIVERSIDAD NACIONAL DE CORDOBA | F17: 2010 | G17: =_xlfn.XLOOKUP(LAB_CyD[[#This Row],[NOMBRE]]&" "&LAB_CyD[[#This Row],[APELLIDO]],Mails!A:A,Mails!B:B,"") -> miriamliborio@gmail.com
A18: LOZA | B18: JAZMIN MICAELA | D18: Diplomada en Gestión de Contenidos Digitales | E18: UNIVERSIDAD BLAS PASCAL | F18: 2020 | G18: =_xlfn.XLOOKUP(LAB_CyD[[#This Row],[NOMBRE]]&" "&LAB_CyD[[#This Row],[APELLIDO]],Mails!A:A,Mails!B:B,"")
A19: MANSILLA WETTSTEIN | B19: CANDELA | C19: Doctor | D19: DOCOTORA EN CIENCIAS QUIMICAS | E19: UNIVERSIDAD NACIONAL DE CORDOBA | F19: 2019 | G19: =_xlfn.XLOOKUP(LAB_CyD[[#This Row],[NOMBRE]]&" "&LAB_CyD[[#This Row],[APELLIDO]],Mails!A:A,Mails!B:B,"")
A20: MENSO | B20: MARÍA CAROLINA | D20: Diplomado en Diseño Tipográfico | E20: Universidad Blas Pascal | F20: 2007 | G20: =_xlfn.XLOOKUP(LAB_CyD[[#This Row],[NOMBRE]]&" "&LAB_CyD[[#This Row],[APELLIDO]],Mails!A:A,Mails!B:B,"")
A21: PEREYRA | B21: MARCOS SEBASTIAN | C21: Especialista | D21: Especialista en Tecnologías Multimedia para Desarrollos Educativos | E21: Facultad de Ciencias Agropecuarias, UNC. | F21: 2016 | G21: =_xlfn.XLOOKUP(LAB_CyD[[#This Row],[NOMBRE]]&" "&LAB_CyD[[#This Row],[APELLIDO]],Mails!A:A,Mails!B:B,"")
A22: ROBLES | B22: FEDERICO | C22: Magister | D22: Master en Cine Documental | E22: Universidad Autónoma de Barcelona | F22: 2008 | G22: =_xlfn.XLOOKUP(LAB_CyD[[#This Row],[NOMBRE]]&" "&LAB_CyD[[#This Row],[APELLIDO]],Mails!A:A,Mails!B:B,"")
A23: RODRIGUEZ | B23: SERGIO ALBERTO | C23: Especialista | D23: Especialista en Diseño de Tipografías | E23: Universidad de Buenos Aires UBA | F23: 2015 | G23: =_xlfn.XLOOKUP(LAB_CyD[[#This Row],[NOMBRE]]&" "&LAB_CyD[[#This Row],[APELLIDO]],Mails!A:A,Mails!B:B,"")
A24: ROMANUTTI | B24: ALEJANDRO RAMÓN | C24: Magister | D24: MAGISTER EN DISEÑO ARQUITECTÓNICO | E24: UNIVERSITY OF LONDON | F24: 1999 | G24: =_xlfn.XLOOKUP(LAB_CyD[[#This Row],[NOMBRE]]&" "&LAB_CyD[[#This Row],[APELLIDO]],Mails!A:A,Mails!B:B,"")
A25: SARAGUSTI | B25: ALEJANDRA CRISTINA | C25: Doctor | D25: Doctora en Ciencias Químicas | E25: UNC | F25: 2010 | G25: =_xlfn.XLOOKUP(LAB_CyD[[#This Row],[NOMBRE]]&" "&LAB_CyD[[#This Row],[APELLIDO]],Mails!A:A,Mails!B:B,"")
A26: SARMIENTO TAGLE | B26: MARTÍN GONZALO | C26: Doctor | D26: DOCTOR EN QUÍMICA | E26: UNIVERSIDAD NACIONAL DE CORDOBA | F26: 2005 | G26: =_xlfn.XLOOKUP(LAB_CyD[[#This Row],[NOMBRE]]&" "&LAB_CyD[[#This Row],[APELLIDO]],Mails!A:A,Mails!B:B,"")
A27: SAYA | B27: CLAUDIO RAMÓN ALEJANDRO | C27: Magister | D27: MASTER OF ARTS IN MASS COMMUNICATION | E27: EMERSON COLLEGE | F27: 1994 | G27: =_xlfn.XLOOKUP(LAB_CyD[[#This Row],[NOMBRE]]&" "&LAB_CyD[[#This Row],[APELLIDO]],Mails!A:A,Mails!B:B,"")
A28: SCHNEIDER | B28: MARIANA | C28: Magister | D28: Maestría en Producción Audiovisual | E28: Universidad Complutense de Madrid | F28: 2002 | G28: =_xlfn.XLOOKUP(LAB_CyD[[#This Row],[NOMBRE]]&" "&LAB_CyD[[#This Row],[APELLIDO]],Mails!A:A,Mails!B:B,"") -> maabschneider@gmail.com

Sheet CIADE-ED
A1: APELLIDO | B1: NOMBRE | C1: TIPO TITULO | D1: TITULO | E1: INSTITUCION | F1: AÑO EGRESO | G1: EMAIL
A2: ALVAREZ | B2: CRUZ SEBASTIAN | C2: Especialista | D2: ESPECIALISTA DOCENTE DE NIVEL SUPERIOR EN EDUCACIÓN EN CONTEXTO DE ENCIERRO | E2: INSTITUTO DE EDUCACIÓN SUPERIOR DR. DOMINGO CABRED | F2: 2012 | G2: =_xlfn.XLOOKUP(CIADE_ED[[#This Row],[NOMBRE]]&" "&CIADE_ED[[#This Row],[APELLIDO]],Mails!A:A,Mails!B:B,"")
A3: ÁLVAREZ ARGAÑARAS | B3: JUAN ANTONIO | C3: Especialista | D3: ESPECIALISTA EN DOCENCIA UNIVERSITARIA | E3: UNIVERSIDAD TECNOLÓGICA NACIONAL | G3: =_xlfn.XLOOKUP(CIADE_ED[[#This Row],[NOMBRE]]&" "&CIADE_ED[[#This Row],[APELLIDO]],Mails!A:A,Mails!B:B,"")
A4: ARGÜELLO | B4: JUAN ALBERTO | C4: Magister | D4: MAGISTER EN PLANIFICACIÓN Y GESTIÓN EDUCACIONAL | E4: UNIVERSIDAD DIEGO PORTALES | F4: 2004 | G4: =_xlfn.XLOOKUP(CIADE_ED[[#This Row],[NOMBRE]]&" "&CIADE_ED[[#This Row],[APELLIDO]],Mails!A:A,Mails!B:B,"") -> juanalbertoarg@gmail.com
A5: ARNOLETTO | B5: MARIELA SILVINA | C5: Especialista | D5: ESPECIALISTA EN ENSEÑANZA DE LA EDUCACIÓN SUPERIOR | E5: UNIVERSIDAD CATÓLICA DE CUYO | F5: 2004 | G5: =_xlfn.XLOOKUP(CIADE_ED[[#This Row],[NOMBRE]]&" "&CIADE_ED[[#This Row],[APELLIDO]],Mails!A:A,Mails!B:B,"")
A6: AUDISIO | B6: MARÍA DEL VALLE | C6: Especialista | D6: ESPECIALISTA EN DOCENCIA UNIVERSITARIA | E6: Facultad de Filosofía y Letra-U.N.Cuyo | F6: 2016 | G6: =_xlfn.XLOOKUP(CIADE_ED[[#This Row],[NOMBRE]]&" "&CIADE_ED[[#This Row],[APELLIDO]],Mails!A:A,Mails!B:B,"")
A7: AYME | B7: RUBÉN ESTEBAN | C7: Especialista | D7: ESPECIALISTA EN LA ENSEÑANZA DE LA EDUCACIÓN SUPERIOR | E7: UNIVERSIDAD CATÓLICA DE CUYO | F7: 2001 | G7: =_xlfn.XLOOKUP(CIADE_ED[[#This Row],[NOMBRE]]&" "&CIADE_ED[[#This Row],[APELLIDO]],Mails!A:A,Mails!B:B,"")
A8: BARSEGHIAN | B8: TRISTANA | C8: Especialista | D8: ESPECIALISTA EN ENSEÑANZA DE LA EDUCACIÓN SUPERIOR | E8: UNIVERSIDAD CATÓLICA DE CUYO | F8: 2001 | G8: =_xlfn.XLOOKUP(CIADE_ED[[#This Row],[NOMBRE]]&" "&CIADE_ED[[#This Row],[APELLIDO]],Mails!A:A,Mails!B:B,"")
A9: BARSEGHIAN | B9: TRISTANA | C9: Magister | D9: MAGISTER EN PLANIFICACIÓN Y GESTIÓN EDUCACIONAL | E9: UNIVERSIDAD DIEGO PORTALES | F9: 2004 | G9: =_xlfn.XLOOKUP(CIADE_ED[[#This Row],[NOMBRE]]&" "&CIADE_ED[[#This Row],[APELLIDO]],Mails!A:A,Mails!B:B,"")
A10: BATISTELLA | B10: SILVANA DEL VALLE | C10: Especialista | D10: ESPECIALISTA EN ENSEÑANZA DE LA EDUCACIÓN SUPERIOR | E10: UNIVERSIDAD CATÓLICA DE CUYO | F10: 2000 | G10: =_xlfn.XLOOKUP(CIADE_ED[[#This Row],[NOMBRE]]&" "&CIADE_ED[[#This Row],[APELLIDO]],Mails!A:A,Mails!B:B,"")
A11: BAVIO | B11: EDUARDO ANTONIO | C11: Magister | D11: MAGISTER EN PLANIFICACIÓN Y GESTIÓN EDUCACIONAL | E11: UNIVERSIDAD DIEGO PORTALES | F11: 2003 | G11: =_xlfn.XLOOKUP(CIADE_ED[[#This Row],[NOMBRE]]&" "&CIADE_ED[[#This Row],[APELLIDO]],Mails!A:A,Mails!B:B,"")
A12: BERTONA | B12: CAROLA | C12: Especialista | D12: ESPECIALISTA EN GESTIÓN Y CONDUCCIÓN DEL SISTEMA EDUCATIVO Y SUS INSTITUCIONES | E12: FLACSO | F12: 2011 | G12: =_xlfn.XLOOKUP(CIADE_ED[[#This Row],[NOMBRE]]&" "&CIADE_ED[[#This Row],[APELLIDO]],Mails!A:A,Mails!B:B,"")
A13: BOAGLIO | B13: LAURA LEONOR | C13: Especialista | D13: ESPECIALISTA EN ENSEÑANZA DE LA EDUCACIÓN SUPERIOR | E13: UNIVERSIDAD CATÓLICA DE CUYO | F13: 2000 | G13: =_xlfn.XLOOKUP(CIADE_ED[[#This Row],[NOMBRE]]&" "&CIADE_ED[[#This Row],[APELLIDO]],Mails!A:A,Mails!B:B,"")
A14: BOAGLIO | B14: LAURA LEONOR | C14: Magister | D14: MAGISTER EN PLANIFICACIÓN Y GESTIÓN EDUCACIONAL | E14: UNIVERSIDAD DIEGO PORTALES | F14: 2003 | G14: =_xlfn.XLOOKUP(CIADE_ED[[#This Row],[NOMBRE]]&" "&CIADE_ED[[#This Row],[APELLIDO]],Mails!A:A,Mails!B:B,"")
A15: BONALDI | B15: SONIA LILIANA | C15: Especialista | D15: Prof. en Psicopedagogia | E15: Universidad Blas Pascal | F15: 2008 | G15: =_xlfn.XLOOKUP(CIADE_ED[[#This Row],[NOMBRE]]&" "&CIADE_ED[[#This Row],[APELLIDO]],Mails!A:A,Mails!B:B,"")
... A18: CHIALVA | B18: JUAN MARTÍN | C18: Especialista | D18: ESPECIALISTA EN DOCENCIA UNIVERSITARIA | E18: UNIVERSIDAD TECNOLÓGICA NACIONAL | F18: 2015 | G18: =_xlfn.XLOOKUP(CIADE_ED[[#This Row],[NOMBRE]]&" "&CIADE_ED[[#This Row],[APELLIDO]],Mails!A:A,Mails!B:B,"")
A19: CURARELLO | B19: PABLO ERNESTO | C19: Especialista | D19: ESP. ENTORNOS VIRTUALES DE APRENDIZAJE | E19: VIRTUAL EDUCA - OEA | G19: =_xlfn.XLOOKUP(CIADE_ED[[#This Row],[NOMBRE]]&" "&CIADE_ED[[#This Row],[APELLIDO]],Mails!A:A,Mails!B:B,"")
A20: DE LA CUEVA | B20: DANIEL GUSTAVO | C20: Magister | D20: MASTER EN GESTION Y DIRECCION DEPORTIVA | E20: INSTITUTO NACIONAL DE EDUCACION FISICA DE LERIDA (ESPAÑA) | F20: 1998 | G20: =_xlfn.XLOOKUP(CIADE_ED[[#This Row],[NOMBRE]]&" "&CIADE_ED[[#This Row],[APELLIDO]],Mails!A:A,Mails!B:B,"")
A21: DELLA GIUSTINA | B21: SEBASTIÁN | D21: Diploma Superior en Pedagogía de las Diferencias | E21: FLACSO | F21: 2023 | G21: =_xlfn.XLOOKUP(CIADE_ED[[#This Row],[NOMBRE]]&" "&CIADE_ED[[#This Row],[APELLIDO]],Mails!A:A,Mails!B:B,"")
A22: DISANDRO | B22: GRACIELA LEONOR | C22: Especialista | D22: ESPECIALISTA EN ENSEÑANZA DE LA EDUCACIÓN SUPERIOR | E22: UNIVERSIDAD CATÓLICA DE CUYO | F22: 2000 | G22: =_xlfn.XLOOKUP(CIADE_ED[[#This Row],[NOMBRE]]&" "&CIADE_ED[[#This Row],[APELLIDO]],Mails!A:A,Mails!B:B,"")
A23: DISANDRO | B23: GRACIELA LEONOR | C23: Magister | D23: MAGISTER EN PLANIFICACIÓN Y GESTIÓN EDUCACIONAL | E23: UNIVERSIDAD DIEGO PORTALES | F23: 2003 | G23: =_xlfn.XLOOKUP(CIADE_ED[[#This Row],[NOMBRE]]&" "&CIADE_ED[[#This Row],[APELLIDO]],Mails!A:A,Mails!B:B,"")
A24: DISANDRO | B24: GRACIELA LEONOR | C24: Especialista | D24: ESPECIALISTA EN ENTORNOS VIRTUALES DE APRENDIZAJE | E24: Organización de Estados Iberoamericanos / Virtual Educa (OEI) | F24: 2011 | G24: =_xlfn.XLOOKUP(CIADE_ED[[#This Row],[NOMBRE]]&" "&CIADE_ED[[#This Row],[APELLIDO]],Mails!A:A,Mails!B:B,"")
A25: DOMENICONI | B25: JORGE ALBERTO | C25: Especialista | D25: ESPECIALISTA EN ENSEÑANZA DE LA EDUCACIÓN SUPERIOR | E25: UNIVERSIDAD CATÓLICA DE CUYO | F25: 2001 | G25: =_xlfn.XLOOKUP(CIADE_ED[[#This Row],[NOMBRE]]&" "&CIADE_ED[[#This Row],[APELLIDO]],Mails!A:A,Mails!B:B,"")
A26: DOMENICONI | B26: JORGE ALBERTO | C26: Magister | D26: MAGISTER EN PLANIFICACIÓN Y GESTIÓN EDUCACIONAL | E26: UNIVERSIDAD DIEGO PORTALES | G26: =_xlfn.XLOOKUP(CIADE_ED[[#This Row],[NOMBRE]]&" "&CIADE_ED[[#This Row],[APELLIDO]],Mails!A:A,Mails!B:B,"")
A27: ECHEGARAY | B27: RAÚL EDUARDO | C27: Magister | D27: MAGISTER EN PLANIFICACIÓN Y GESTIÓN EDUCACIONAL | E27: UNIVERSIDAD DIEGO PORTALES | F27: 2003 | G27: =_xlfn.XLOOKUP(CIADE_ED[[#This Row],[NOMBRE]]&" "&CIADE_ED[[#This Row],[APELLIDO]],Mails!A:A,Mails!B:B,"")
A28: FERNÁNDEZ | B28: PAULA GABRIELA | C28: Magister | D28: Mgter. en Procesos Educativos Mediados por Tecnologías | E28: Universidad Nacional de Córdoba | F28: 2013 | G28: =_xlfn.XLOOKUP(CIADE_ED[[#This Row],[NOMBRE]]&" "&CIADE_ED[[#This Row],[APELLIDO]],Mails!A:A,Mails!B:B,"")
A29: FERRERAS | B29: SUSANA MARÍA | C29: Especialista | D29: ESPECIALISTA EN ENSEÑANZA DE LA EDUCACIÓN SUPERIOR | E29: UNIVERSIDAD CATÓLICA DE CUYO | F29: 1999 | G29: =_xlfn.XLOOKUP(CIADE_ED[[#This Row],[NOMBRE]]&" "&CIADE_ED[[#This Row],[APELLIDO]],Mails!A:A,Mails!B:B,"")
A30: FERRERAS | B30: SUSANA MARÍA | C30: Magister | D30: MAGISTER EN PLANIFICACIÓN Y GESTIÓN EDUCACIONAL | E30: UNIVERSIDAD DIEGO PORTALES | F30: 2003 | G30: =_xlfn.XLOOKUP(CIADE_ED[[#This Row],[NOMBRE]]&" "&CIADE_ED[[#This Row],[APELLIDO]],Mails!A:A,Mails!B:B,"")
A31: FERREYRA | B31: SILVIA CRISTINA | C31: Especialista | D31: ESPECIALISTA EN ENSEÑANZA DE LA EDUCACIÓN SUPERIOR | E31: Universidad Católica de Cuyo | F31: 2000 | G31: =_xlfn.XLOOKUP(CIADE_ED[[#This Row],[NOMBRE]]&" "&CIADE_ED[[#This Row],[APELLIDO]],Mails!A:A,Mails!B:B,"")
A32: FLORES | B32: NORMA GLADYS | C32: Magister | D32: MAGISTER EN PLANIFICACIÓN Y GESTIÓN EDUCACIONAL | E32: UNIVERSIDAD DIEGO PORTALES | F32: 2003 | G32: =_xlfn.XLOOKUP(CIADE_ED[[#This Row],[NOMBRE]]&" "&CIADE_ED[[#This Row],[APELLIDO]],Mails!A:A,Mails!B:B,"")
A33: GARBINO | B33: PATRICIA ALEJANDRA | C33: Magister | D33: MAGISTER EN PLANIFICACIÓN Y GESTIÓN EDUCACIONAL | E33: UNIVERSIDAD DIEGO PORTALES | F33: 2003 | G33: =_xlfn.XLOOKUP(CIADE_ED[[#This Row],[NOMBRE]]&" "&CIADE_ED[[#This Row],[APELLIDO]],Mails!A:A,Mails!B:B,"") -> pgarbino@ubp.edu.ar
A34: GARCÍA ABAD | B34: ANTONIO MIGUEL | C34: Especialista | D34: ESPECIALISTA EN DOCENCIA UNIVERSITARIA | E34: UNIVERSIDAD TECNOLOGICA NACIONAL (CÓRDOBA CAPITAL) | F34: 2000 | G34: =_xlfn.XLOOKUP(CIADE_ED[[#This Row],[NOMBRE]]&" "&CIADE_ED[[#This Row],[APELLIDO]],Mails!A:A,Mails!B:B,"")
A35: GARCÍA ABAD | B35: ANTONIO MIGUEL | C35: Magister | D35: MAGISTER EN DOCENCIA UNIVERSITARIA | E35: UNIVERSIDAD TECNOLOGICA NACIONAL (CORDOBA CAPITAL) | F35: 2009 | G35: =_xlfn.XLOOKUP(CIADE_ED[[#This Row],[NOMBRE]]&" "&CIADE_ED[[#This Row],[APELLIDO]],Mails!A:A,Mails!B:B,"")
A36: GEREMÍA | B36: WALDO EUGENIO | C36: Especialista | D36: Especialista en Enseñanza de la Educación Superior | E36: Universidad Católica de Cuyo | F36: 2001 | G36: =_xlfn.XLOOKUP(CIADE_ED[[#This Row],[NOMBRE]]&" "&CIADE_ED[[#This Row],[APELLIDO]],Mails!A:A,Mails!B:B,"")
A37: GIMENO | B37: RENE EDUARDO | C37: Especialista | D37: Especialista en Enseñanza Media | E37: MIn de Educacion Cba | F37: 1994 | G37: =_xlfn.XLOOKUP(CIADE_ED[[#This Row],[NOMBRE]]&" "&CIADE_ED[[#This Row],[APELLIDO]],Mails!A:A,Mails!B:B,"")
A38: GIORDANO | B38: ALEJANDRA DEL VALLE | C38: Especialista | D38: Diplomatura en Terapia Integrativa | E38: Universidad de Belgrano | F38: 2019 | G38: =_xlfn.XLOOKUP(CIADE_ED[[#This Row],[NOMBRE]]&" "&CIADE_ED[[#This Row],[APELLIDO]],Mails!A:A,Mails!B:B,"")
A39: GIORDANO | B39: ALEJANDRA DEL VALLE | D39: Diplomada en Neuroaprendizaje | E39: Universidad de Belgrano | F39: 2015 | G39: =_xlfn.XLOOKUP(CIADE_ED[[#This Row],[NOMBRE]]&" "&CIADE_ED[[#This Row],[APELLIDO]],Mails!A:A,Mails!B:B,"")
A40: GÓMEZ | B40: CARLA FERNANDA | C40: Especialista | D40: en la Enseñanza de la Educación Superior | E40: Universidad Católica de Cuyo | F40: 2001 | G40: =_xlfn.XLOOKUP(CIADE_ED[[#This Row],[NOMBRE]]&" "&CIADE_ED[[#This Row],[APELLIDO]],Mails!A:A,Mails!B:B,"")
A41: GÓMEZ | B41: CARLA FERNANDA | C41: Magister | D41: MAGISTER EN PLANIFICACIÓN Y GESTIÓN EDUCACIONAL | E41: Universidad Diego Portales | F41: 2003 | G41: =_xlfn.XLOOKUP(CIADE_ED[[#This Row],[NOMBRE]]&" "&CIADE_ED[[#This Row],[APELLIDO]],Mails!A:A,Mails!B:B,"")
A42: JUÁREZ | B42: HÉCTOR HUGO | C42: Especialista | D42: ESPECIALISTA EN ENSEÑANZA DE LA EDUCACIÓN SUPERIOR | E42: UNIVERSIDAD CATÓLICA DE CUYO | F42: 2001 | G42: =_xlfn.XLOOKUP(CIADE_ED[[#This Row],[NOMBRE]]&" "&CIADE_ED[[#This Row],[APELLIDO]],Mails!A:A,Mails!B:B,"")
A43: KRAUTH | B43: LILIA MATILDE | C43: Especialista | D43: ESPECIALISTA EN ENSEÑANZA DE LA EDUCACIÓN SUPERIOR | E43: UNIVERSIDAD CATÓLICA DE CUYO | F43: 2000 | G43: =_xlfn.XLOOKUP(CIADE_ED[[#This Row],[NOMBRE]]&" "&CIADE_ED[[#This Row],[APELLIDO]],Mails!A:A,Mails!B:B,"")
A44: LAGORIA | B44: SILVANA LORENA | C44: Especialista | D44: ESPECIALISTA EN POLÍTICAS PÚBLICAS Y EVALUACIÓN DE LA EDUCACIÓN SUPERIOR | E44: UNIVERSIDADE FEDERAL DA INTEGRAÇÃO LATINO-AMERICANA (UNILA), UNIVERSIDADE FEDERAL DO PARANÁ (UFPR) | F44: 2010 | G44: =_xlfn.XLOOKUP(CIADE_ED[[#This Row],[NOMBRE]]&" "&CIADE_ED[[#This Row],[APELLIDO]],Mails!A:A,Mails!B:B,"")
A45: LERDA | B45: GRACIELA BEATRIZ | C45: Especialista | D45: ESPECIALISTA EN ENSEÑANZA DE LA EDUCACIÓN SUPERIOR | E45: UNIVERSIDAD CATÓLICA DE CUYO | F45: 2000 | G45: =_xlfn.XLOOKUP(CIADE_ED[[#This Row],[NOMBRE]]&" "&CIADE_ED[[#This Row],[APELLIDO]],Mails!A:A,Mails!B:B,"")
A46: LIENDO | B46: CARLOS GUILLERMO | C46: Especialista | D46: ESPECIALISTA EN LA ENSEÑANZA DE LA EDUCACIÓN SUPERIOR | E46: UNIVERSIDAD CATOLICA DE CUYO | F46: 2001 | G46: =_xlfn.XLOOKUP(CIADE_ED[[#This Row],[NOMBRE]]&" "&CIADE_ED[[#This Row],[APELLIDO]],Mails!A:A,Mails!B:B,"") -> carlosliendo@gmail.com
A47: LOPEZ | B47: MARIA ESTHER | C47: Especialista | D47: ESPECIALISTA EN ENSEÑANZA DE LA EDUCACIÓN SUPERIOR | E47: UNIVERSIDAD CATÓLICA DE CUYO | F47: 2000 | G47: =_xlfn.XLOOKUP(CIADE_ED[[#This Row],[NOMBRE]]&" "&CIADE_ED[[#This Row],[APELLIDO]],Mails!A:A,Mails!B:B,"")
A48: LORENZATTI | B48: MARÍA LAURA | C48: Magister | D48: MÁSTER EN APRENDIZAJE ABIERTO Y A DISTANCIA | E48: UNIVERSIDAD NACIONAL DE EDUCACION A DISTANCIA (UNED) | F48: 2003 | G48: =_xlfn.XLOOKUP(CIADE_ED[[#This Row],[NOMBRE]]&" "&CIADE_ED[[#This Row],[APELLIDO]],Mails!A:A,Mails!B:B,"")
A49: MAFFINI | B49: SILVINA MÓNICA | C49: Magister | D49: MAGISTER EN PLANIFICACIÓN Y GESTIÓN EDUCACIONAL | E49: UNIVERSIDAD DIEGO PORTALES | F49: 2003 | G49: =_xlfn.XLOOKUP(CIADE_ED[[#This Row],[NOMBRE]]&" "&CIADE_ED[[#This Row],[APELLIDO]],Mails!A:A,Mails!B:B,"")
A50: MAZZEI PAROLIN | B50: VALERIA DEL CARMEN | C50: Magister | D50: Magister en Educación a Distancia | E50: Universidad Tecnológica Metropolitana, Chile | F50: 2008 | G50: =_xlfn.XLOOKUP(CIADE_ED[[#This Row],[NOMBRE]]&" "&CIADE_ED[[#This Row],[APELLIDO]],Mails!A:A,Mails!B:B,"")
A51: MAZZEI PAROLIN | B51: VALERIA DEL CARMEN | D51: Diplomada en Educación a Distancia | E51: Universidad Blas Pascal | F51: 2005 | G51: =_xlfn.XLOOKUP(CIADE_ED[[#This Row],[NOMBRE]]&" "&CIADE_ED[[#This Row],[APELLIDO]],Mails!A:A,Mails!B:B,"")
A52: MÉJICO | B52: MARÍA EUGENIA | C52: Magister | D52: MASTER EN ENSEÑANZA Y APRENDIZAJE ABIERTO Y A DIST | E52: UNIVERSIDAD NACIONAL DE EDUCACION A DISTANCIA (ESPAÑA) | F52: 2003 | G52: =_xlfn.XLOOKUP(CIADE_ED[[#This Row],[NOMBRE]]&" "&CIADE_ED[[#This Row],[APELLIDO]],Mails!A:A,Mails!B:B,"")
A53: MERCHIORI | B53: EDITH ROSA | C53: Magister | D53: MAGISTER EN PLANIFICACIÓN Y GESTIÓN EDUCACIONAL | E53: UNIVERSIDAD DIEGO PORTALES | F53: 2003 | G53: =_xlfn.XLOOKUP(CIADE_ED[[#This Row],[NOMBRE]]&" "&CIADE_ED[[#This Row],[APELLIDO]],Mails!A:A,Mails!B:B,"")
A54: MIMESSI | B54: NATALIA INÉS | C54: Especialista | D54: en Docencia Universitaria | E54: UTN Regional Córdoba | F54: 2011 | G54: =_xlfn.XLOOKUP(CIADE_ED[[#This Row],[NOMBRE]]&" "&CIADE_ED[[#This Row],[APELLIDO]],Mails!A:A,Mails!B:B,"")
A55: MIRANDA | B55: MARIA ALEJANDRA | C55: Especialista | D55: ESPECIALISTA EN ENSEÑANZA DE LA EDUCACIÓN SUPERIOR | E55: Universidad Católica de Cuyo | F55: 2000 | G55: =_xlfn.XLOOKUP(CIADE_ED[[#This Row],[NOMBRE]]&" "&CIADE_ED[[#This Row],[APELLIDO]],Mails!A:A,Mails!B:B,"")
A56: MIRANDA | B56: MARIA ALEJANDRA | C56: Magister | D56: MAGISTER EN PLANIFICACIÓN Y GESTIÓN EDUCACIONAL | E56: Universidad Diego de Portales | F56: 2003 | G56: =_xlfn.XLOOKUP(CIADE_ED[[#This Row],[NOMBRE]]&" "&CIADE_ED[[#This Row],[APELLIDO]],Mails!A:A,Mails!B:B,"")
A57: MIRANDA | B57: MARIA ALEJANDRA | C57: Especialista | D57: ESPECIALISTA EN ENTORNOS VIRTUALES DE APRENDIZAJE | E57: Organización de Estados Iberoamerica | F57: 2011 | G57: =_xlfn.XLOOKUP(CIADE_ED[[#This Row],[NOMBRE]]&" "&CIADE_ED[[#This Row],[APELLIDO]],Mails!A:A,Mails!B:B,"")
A58: MIRANDA | B58: MARIA ALEJANDRA | C58: Magister | D58: MÁSTER EN POLÍTICA Y GESTIÓN UNIVERSITARIA | E58: Universidad de Barcelona | F58: 2016 | G58: =_xlfn.XLOOKUP(CIADE_ED[[#This Row],[NOMBRE]]&" "&CIADE_ED[[#This Row],[APELLIDO]],Mails!A:A,Mails!B:B,"")
A59: ORTIZ | B59: JOSÉ LUIS | C59: Especialista | D59: ESPECIALISTA EN ENSEÑANZA DE LA EDUCACIÓN SUPERIOR | E59: UNIVERSIDAD CATÓLICA DE CUYO | F59: 2000 | G59: =_xlfn.XLOOKUP(CIADE_ED[[#This Row],[NOMBRE]]&" "&CIADE_ED[[#This Row],[APELLIDO]],Mails!A:A,Mails!B:B,"")
A60: PACCE ROSATO | B60: CECILIA | C60: Especialista | D60: ESPECIALISTA EN EDUCACION Y TIC | E60: FLACSO | F60: 2022 | G60: =_xlfn.XLOOKUP(CIADE_ED[[#This Row],[NOMBRE]]&" "&CIADE_ED[[#This Row],[APELLIDO]],Mails!A:A,Mails!B:B,"")
A61: PALOMANES | B61: ANA MARÍA | D61: PROFESOR UNIVERSITARIO | E61: UNIVERSIDAD CATÓLICA DE CORDOBA | F61: 2010 | G61: =_xlfn.XLOOKUP(CIADE_ED[[#This Row],[NOMBRE]]&" "&CIADE_ED[[#This Row],[APELLIDO]],Mails!A:A,Mails!B:B,"")
A62: PISCIOTTA | B62: NESTOR OSCAR | C62: Especialista | D62: en la Enseñanza de la Educación Superior | E62: Universidad Católica de Cuyo | F62: 2001 | G62: =_xlfn.XLOOKUP(CIADE_ED[[#This Row],[NOMBRE]]&" "&CIADE_ED[[#This Row],[APELLIDO]],Mails!A:A,Mails!B:B,"")
A63: PRESTI DANISI | B63: MARÍA ELENA | C63: Magister | D63: MAGISTER EN EDUCACIÓN A DISTANCIA | E63: UNIVERSIDAD TECNOLÓGICA METROPOLITANA | F63: 2009 | G63: =_xlfn.XLOOKUP(CIADE_ED[[#This Row],[NOMBRE]]&" "&CIADE_ED[[#This Row],[APELLIDO]],Mails!A:A,Mails!B:B,"")
A64: RAFFAELI | B64: ADRIANA ESTER | C64: Especialista | D64: ESPECIALISTA EN ENSEÑANZA DE LA EDUCACIÓN SUPERIOR | E64: UNIVERSIDAD CATÓLICA DE CUYO | F64: 2001 | G64: =_xlfn.XLOOKUP(CIADE_ED[[#This Row],[NOMBRE]]&" "&CIADE_ED[[#This Row],[APELLIDO]],Mails!A:A,Mails!B:B,"") -> adriana20091961@hotmail.com
A65: SADDI | B65: MARÍA HELENA | C65: Magister | D65: MASTERÍA EN TECNOLOGÍA DE LA EDUCACIÓN | E65: UNIVERSIDAD DE SALAMANCA | F65: 2000 | G65: =_xlfn.XLOOKUP(CIADE_ED[[#This Row],[NOMBRE]]&" "&CIADE_ED[[#This Row],[APELLIDO]],Mails!A:A,Mails!B:B,"")
A66: SALAS | B66: GRACIELA ROSA | C66: Especialista | D66: ESPECIALISTA EN MINORIDAD | E66: UNIVERSIDAD NACIONAL DE CORDOBA | F66: 1978 | G66: =_xlfn.XLOOKUP(CIADE_ED[[#This Row],[NOMBRE]]&" "&CIADE_ED[[#This Row],[APELLIDO]],Mails!A:A,Mails!B:B,"")
A67: SALAS | B67: GRACIELA ROSA | C67: Magister | D67: Magister en Procesos Educativos Mediados por Tecnologías | E67: Centro de Estudios Avanzados. Universidad Nacional de Córdoba | F67: 0 | G67: =_xlfn.XLOOKUP(CIADE_ED[[#This Row],[NOMBRE]]&" "&CIADE_ED[[#This Row],[APELLIDO]],Mails!A:A,Mails!B:B,"")
A68: SANTILLAN ARIAS | B68: MARIA BELEN | C68: Especialista | D68: ESPECIALISTA EN EDUCACIÓN Y NUEVAS TECNOLOGÍAS | E68: FLACSO ARGENTINA | F68: 2017 | G68: =_xlfn.XLOOKUP(CIADE_ED[[#This Row],[NOMBRE]]&" "&CIADE_ED[[#This Row],[APELLIDO]],Mails!A:A,Mails!B:B,"")
A69: SANTILLAN ARIAS | B69: MARIA BELEN | C69: Especialista | D69: Especialista en Tecnología Educativa | E69: Universidad de Buenos Aires | F69: 2022 | G69: =_xlfn.XLOOKUP(CIADE_ED[[#This Row],[NOMBRE]]&" "&CIADE_ED[[#This Row],[APELLIDO]],Mails!A:A,Mails!B:B,"")
A70: SANTISO | B70: HERNÁN RODRIGO | C70: Magister | D70: MASTER EN ENSEÑ. Y APRENDIZAJE ABIERTOS Y A DISTAN | E70: UNIVERSIDAD NACIONAL DE EDUCACION A DISTANCIA (UNED) | F70: 2007 | G70: =_xlfn.XLOOKUP(CIADE_ED[[#This Row],[NOMBRE]]&" "&CIADE_ED[[#This Row],[APELLIDO]],Mails!A:A,Mails!B:B,"")
A71: SAYA | B71: CLAUDIO RAMÓN ALEJANDRO | C71: Especialista | D71: ESPECIALISTA EN ENSEÑANZA DE LA EDUCACIÓN SUPERIOR | E71: UNIVERSIDAD CATÓLICA DE CUYO | F71: 2001 | G71: =_xlfn.XLOOKUP(CIADE_ED[[#This Row],[NOMBRE]]&" "&CIADE_ED[[#This Row],[APELLIDO]],Mails!A:A,Mails!B:B,"")
A72: STEIN | B72: PATRICIA DEBORAH | C72: Especialista | D72: ESPECIALISTA EN ENSEÑANZA DE LA EDUCACIÓN SUPERIOR | E72: UNIVERSIDAD CATÓLICA DE CUYO | F72: 2001 | G72: =_xlfn.XLOOKUP(CIADE_ED[[#This Row],[NOMBRE]]&" "&CIADE_ED[[#This Row],[APELLIDO]],Mails!A:A,Mails!B:B,"") -> patristein@hotmail.com
A73: TRONCA | B73: GRACIELA LUCÍA | C73: Especialista | D73: ESPECIALISTA EN ENTORNOS VIRTUALES DE APRENDIZAJE | E73: Organizacion de Estados Iberoamericanos / Virtual Educa (OEI) | F73: 2011 | G73: =_xlfn.XLOOKUP(CIADE_ED[[#This Row],[NOMBRE]]&" "&CIADE_ED[[#This Row],[APELLIDO]],Mails!A:A,Mails!B:B,"")
... A79: YADAROLA | B79: GABRIELA MARÍA | C79: Magister | D79: MAGISTER EN EDUCACIÓN A DISTANCIA | E79: UNIVERSIDAD TECNOLÓGICA METROPOLITANA- CHILE | F79: 2012 | G79: =_xlfn.XLOOKUP(CIADE_ED[[#This Row],[NOMBRE]]&" "&CIADE_ED[[#This Row],[APELLIDO]],Mails!A:A,Mails!B:B,"")

Sheet CIADE-IT
A1: APELLIDO | B1: NOMBRE | C1: TIPO TITULO | D1: TITULO | E1: INSTITUCION | F1: AÑO EGRESO | G1: EMAIL
A2: BÍSARO | B2: MAURICIO GABRIEL | C2: Especialista | D2: ESPECIALISTA EN TELECOMUNICACIONES TELEFÓNICAS | E2: UNIVERSIDAD NACIONAL DE CORDOBA | F2: 2006 | G2: =_xlfn.XLOOKUP(CIADE_IT[[#This Row],[NOMBRE]]&" "&CIADE_IT[[#This Row],[APELLIDO]],Mails!A:A,Mails!B:B,"")
A3: CASTAGNOLA | B3: JUAN LUIS | C3: Doctor | D3: Doctor en Ingeniería Electrónica | E3: Universidad Católica de Córdoba | F3: 2019 | G3: =_xlfn.XLOOKUP(CIADE_IT[[#This Row],[NOMBRE]]&" "&CIADE_IT[[#This Row],[APELLIDO]],Mails!A:A,Mails!B:B,"")
A4: CHAUTEMPS | B4: NORMA ADRIANA | C4: Magister | D4: MAGISTER EN TECNOLOGÍA INFORMÁTICA APLICADA EN EDUC. | E4: UNIVERSIDAD NACIONAL DE LA PLATA | F4: 2008 | G4: =_xlfn.XLOOKUP(CIADE_IT[[#This Row],[NOMBRE]]&" "&CIADE_IT[[#This Row],[APELLIDO]],Mails!A:A,Mails!B:B,"")
A5: ESCUDERO | B5: JAVIER ALEJANDRO | C5: Especialista | D5: Especialista en Sistemas Emmbebidos | E5: Instituto Universitario Aeronáutico | F5: 2013 | G5: =_xlfn.XLOOKUP(CIADE_IT[[#This Row],[NOMBRE]]&" "&CIADE_IT[[#This Row],[APELLIDO]],Mails!A:A,Mails!B:B,"")
A6: FERNANDEZ | B6: AGUSTÍN | C6: Especialista | D6: Esp. en Servicios y Sistemas Distribuidos | E6: UNC - FaMAF | F6: 2011 | G6: =_xlfn.XLOOKUP(CIADE_IT[[#This Row],[NOMBRE]]&" "&CIADE_IT[[#This Row],[APELLIDO]],Mails!A:A,Mails!B:B,"")
A7: GIOVANARDI | B7: GABRIEL WALTER EZEQUIEL | C7: Magister | D7: Magister en Sistemas de Radar e Instrumentación | E7: Universidad Nacional de Córdoba | F7: 2023 | G7: =_xlfn.XLOOKUP(CIADE_IT[[#This Row],[NOMBRE]]&" "&CIADE_IT[[#This Row],[APELLIDO]],Mails!A:A,Mails!B:B,"")
A8: MERLO | B8: MONICA SUSANA | C8: Especialista | D8: Especialista en servicios y sistemas distribuidos | E8: UNC-FAMAF | F8: 2011 | G8: =_xlfn.XLOOKUP(CIADE_IT[[#This Row],[NOMBRE]]&" "&CIADE_IT[[#This Row],[APELLIDO]],Mails!A:A,Mails!B:B,"")
A9: MOLINA | B9: DANIEL ENRIQUE | C9: Magister | D9: Master en Direccion de Informatica | E9: IDE CESEM España | F9: 2001 | G9: =_xlfn.XLOOKUP(CIADE_IT[[#This Row],[NOMBRE]]&" "&CIADE_IT[[#This Row],[APELLIDO]],Mails!A:A,Mails!B:B,"")
A10: ROSSI | B10: ROBERTO RAÚL | C10: Magister | D10: MASTER ELECTRONIC ENGINEER | E10: NEDERLANS UNIVERSITY FOUND. F/INT. COOP. | F10: 1987 | G10: =_xlfn.XLOOKUP(CIADE_IT[[#This Row],[NOMBRE]]&" "&CIADE_IT[[#This Row],[APELLIDO]],Mails!A:A,Mails!B:B,"")
A11: ROSSI | B11: ROBERTO RAÚL | C11: Magister | D11: Máster en Política y Gestión Universitaria | E11: Universidad de Barcelona - Universidad Blas Pascal | F11: 2016 | G11: =_xlfn.XLOOKUP(CIADE_IT[[#This Row],[NOMBRE]]&" "&CIADE_IT[[#This Row],[APELLIDO]],Mails!A:A,Mails!B:B,"")
A12: SANTOS | B12: GUSTAVO JAVIER | C12: Magister | D12: Tecnología Satelital | E12: CONAE/UTN FRC | F12: 2021 | G12: =_xlfn.XLOOKUP(CIADE_IT[[#This Row],[NOMBRE]]&" "&CIADE_IT[[#This Row],[APELLIDO]],Mails!A:A,Mails!B:B,"")
A13: TARICCO CALVO | B13: GUSTAVO ALEJANDRO | C13: Doctor | D13: Doctor en Ciencias de la Computación | E13: Trinity College and University | F13: 2001 | G13: =_xlfn.XLOOKUP(CIADE_IT[[#This Row],[NOMBRE]]&" "&CIADE_IT[[#This Row],[APELLIDO]],Mails!A:A,Mails!B:B,"")
A14: TERRENO | B14: CRISTIAN GABRIEL | C14: Especialista | D14: Experto en Sistemas de Información geogràfica | E14: Univesrsidad Internacional de Andalucìa | F14: 2005 | G14: =_xlfn.XLOOKUP(CIADE_IT[[#This Row],[NOMBRE]]&" "&CIADE_IT[[#This Row],[APELLIDO]],Mails!A:A,Mails!B:B,"") -> cterreno@hotmail.com

Sheet IDI-DS
A1: APELLIDO | B1: NOMBRE | C1: TIPO TITULO | D1: TITULO | E1: INSTITUCION | F1: AÑO EGRESO | G1: EMAIL
A2: ALANIZ | B2: EUGENIA | C2: Magister | D2: Magister en Gestion y Auditorias Ambientales | E2: Universidad Palma de Gran Canarias | F2: 2003 | G2: =_xlfn.XLOOKUP(IDI_DS[[#This Row],[NOMBRE]]&" "&IDI_DS[[#This Row],[APELLIDO]],Mails!A:A,Mails!B:B,"") -> ealaniz@ubp.edu.ar
A3: ALANIZ | B3: EUGENIA | C3: Magister | D3: Magister en Hydrology | E3: UNESCO-IHE International Institute for water Education | F3: 1997 | G3: =_xlfn.XLOOKUP(IDI_DS[[#This Row],[NOMBRE]]&" "&IDI_DS[[#This Row],[APELLIDO]],Mails!A:A,Mails!B:B,"") -> ealaniz@ubp.edu.ar
A4: AMBROSIO | B4: CARLOS ADRIAN | C4: Especialista | D4: ESPECIALISTA EN HIGIENE Y SEGURIDAD EN EL TRABJAO | E4: UNIVERSIDAD TECNOLOGICA NACIONAL | F4: 2016 | G4: =_xlfn.XLOOKUP(IDI_DS[[#This Row],[NOMBRE]]&" "&IDI_DS[[#This Row],[APELLIDO]],Mails!A:A,Mails!B:B,"")
A5: ARGÜELLO | B5: JUAN ALBERTO | C5: Doctor | D5: DOCTOR EN CIENCIAS BIOLÓGICAS | E5: UNIVERSIDAD NACIONAL DEL SUR | F5: 1988 | G5: =_xlfn.XLOOKUP(IDI_DS[[#This Row],[NOMBRE]]&" "&IDI_DS[[#This Row],[APELLIDO]],Mails!A:A,Mails!B:B,"") -> juanalbertoarg@gmail.com
A6: ARGÜELLO | B6: JUAN ALBERTO | C6: Especialista | D6: DOCENTE UNIVERSITARIO EN FISIOLOGÍA VEGETAL | E6: UNIVERSIDAD NACIONAL DE CORDOBA | F6: 1996 | G6: =_xlfn.XLOOKUP(IDI_DS[[#This Row],[NOMBRE]]&" "&IDI_DS[[#This Row],[APELLIDO]],Mails!A:A,Mails!B:B,"") -> juanalbertoarg@gmail.com
A7: ARGÜELLO | B7: JUAN ALBERTO | D7: POST DOCTORADO EN BIOLOGIA MOLECULAR | E7: UNIVERSIDAD DE ALCALA DE HENARES | F7: 1998 | G7: =_xlfn.XLOOKUP(IDI_DS[[#This Row],[NOMBRE]]&" "&IDI_DS[[#This Row],[APELLIDO]],Mails!A:A,Mails!B:B,"") -> juanalbertoarg@gmail.com
A8: BINO | B8: ROSANNA ELIZABETH | C8: Magister | D8: Mgter en Gestión Pública de Turismo: Sostenibilidad y Competitividad | E8: Universidad Internacional de Andalucía y Universidad de Huelva | F8: 2005 | G8: =_xlfn.XLOOKUP(IDI_DS[[#This Row],[NOMBRE]]&" "&IDI_DS[[#This Row],[APELLIDO]],Mails!A:A,Mails!B:B,"")
A9: BUSTOS | B9: ARIEL EDUARDO | C9: Especialista | D9: DIPLOMATURA EN PRESERVACIÓN DEL PATRIMONIO NATURAL Y CULTURAL | E9: UNIVERSIDAD BLAS PASCAL | F9: 2012 | G9: =_xlfn.XLOOKUP(IDI_DS[[#This Row],[NOMBRE]]&" "&IDI_DS[[#This Row],[APELLIDO]],Mails!A:A,Mails!B:B,"")
A10: CAPUCCINO VOLANDO | B10: ANA JULIA | C10: Especialista | D10: Comunicación Ambiental | E10: Universidad Nacional de Rosario | F10: 2012 | G10: =_xlfn.XLOOKUP(IDI_DS[[#This Row],[NOMBRE]]&" "&IDI_DS[[#This Row],[APELLIDO]],Mails!A:A,Mails!B:B,"")
A11: DE CICCO | B11: AGOSTINA ALICIA | C11: Especialista | D11: ESPECIALISTA EN HIGIENE Y SEGURIDAD EN EL TRABAJO | E11: UNIVERSIDAD TECNOLOGICA NACIONAL | F11: 2011 | G11: =_xlfn.XLOOKUP(IDI_DS[[#This Row],[NOMBRE]]&" "&IDI_DS[[#This Row],[APELLIDO]],Mails!A:A,Mails!B:B,"")
A12: GARNERO | B12: GABRIEL | C12: Doctor | D12: en Historia (Historia Ambiental) | E12: UNC | F12: 2020 | G12: =_xlfn.XLOOKUP(IDI_DS[[#This Row],[NOMBRE]]&" "&IDI_DS[[#This Row],[APELLIDO]],Mails!A:A,Mails!B:B,"") -> gabogarnero@gmail.com
A13: GARRO VIDAL | B13: JIMENA MARTHA | C13: Doctor | D13: DOCTORADO EN ESTUDIOS URBANOS | E13: Universidad Nacional de General Sarmiento | F13: 2023 | G13: =_xlfn.XLOOKUP(IDI_DS[[#This Row],[NOMBRE]]&" "&IDI_DS[[#This Row],[APELLIDO]],Mails!A:A,Mails!B:B,"")
A14: GARRO VIDAL | B14: JIMENA MARTHA | C14: Magister | D14: MAESTRÍA EN DESARROLLO URBANO | E14: UNIVERSIDAD NACIONAL DE CÓRDOBA | F14: 2009 | G14: =_xlfn.XLOOKUP(IDI_DS[[#This Row],[NOMBRE]]&" "&IDI_DS[[#This Row],[APELLIDO]],Mails!A:A,Mails!B:B,"")
A15: LORCA | B15: NOEMÍ RAQUEL | C15: Doctor | D15: Ciencias Antropológicas | E15: Universidad Nacional de Córdoba | F15: 2019 | G15: =_xlfn.XLOOKUP(IDI_DS[[#This Row],[NOMBRE]]&" "&IDI_DS[[#This Row],[APELLIDO]],Mails!A:A,Mails!B:B,"")
A16: LORCA | B16: NOEMÍ RAQUEL | C16: Magister | D16: Diplome de Etudes Approfondies (DEA) en Sociologie et Démographie des Sociétés Contemporaines | E16: Université de Paris-Francia | F16: 2000 | G16: =_xlfn.XLOOKUP(IDI_DS[[#This Row],[NOMBRE]]&" "&IDI_DS[[#This Row],[APELLIDO]],Mails!A:A,Mails!B:B,"")
A17: LORCA | B17: NOEMÍ RAQUEL | C17: Magister | D17: en Demografía | E17: Centro de Estudios Avanzados (U.N.C) | F17: 1998 | G17: =_xlfn.XLOOKUP(IDI_DS[[#This Row],[NOMBRE]]&" "&IDI_DS[[#This Row],[APELLIDO]],Mails!A:A,Mails!B:B,"")
A18: MOVSESIAN | B18: LUCIA | C18: Especialista | D18: Diplomatura Superior en Conflictos Socioambientales y Planificación Participativa | E18: FLACSO | F18: 2021 | G18: =_xlfn.XLOOKUP(IDI_DS[[#This Row],[NOMBRE]]&" "&IDI_DS[[#This Row],[APELLIDO]],Mails!A:A,Mails!B:B,"") -> luciamov@gmail.com
A19: MOVSESIAN | B19: LUCIA | C19: Magister | D19: Magister en Manejo de Vida Silvestre | E19: Facultad de Ciencias Exactas, físicas y naturales. UNC | F19: 2011 | G19: =_xlfn.XLOOKUP(IDI_DS[[#This Row],[NOMBRE]]&" "&IDI_DS[[#This Row],[APELLIDO]],Mails!A:A,Mails!B:B,"") -> luciamov@gmail.com
... A23: TERRENO | B23: CRISTIAN GABRIEL | C23: Magister | D23: Magister en Gestiòn Ambiental del Desarrollo Urbano | E23: Universidad Nacional d Cordoba | F23: 2009 | G23: =_xlfn.XLOOKUP(IDI_DS[[#This Row],[NOMBRE]]&" "&IDI_DS[[#This Row],[APELLIDO]],Mails!A:A,Mails!B:B,"") -> cterreno@hotmail.com
A24: VANOLI FAUSTINELLI | B24: LUCAS GABRIEL | C24: Magister | D24: MAESTRÍA EN GESTIÓN Y AUDITORÍAS AMBIENTALES | E24: LA UNIVERSIDAD INTERNACIONAL LIBERAMERICANA | G24: =_xlfn.XLOOKUP(IDI_DS[[#This Row],[NOMBRE]]&" "&IDI_DS[[#This Row],[APELLIDO]],Mails!A:A,Mails!B:B,"")
A25: VANOLI FAUSTINELLI | B25: LUCAS GABRIEL | C25: Magister | D25: MÁSTER EN INGENIERÍA Y TECNOLOGÍA AMBIENTAL | E25: UNIVERSIDAD EUROPEA DEL ATLÁNTICO | F25: 2016 | G25: =_xlfn.XLOOKUP(IDI_DS[[#This Row],[NOMBRE]]&" "&IDI_DS[[#This Row],[APELLIDO]],Mails!A:A,Mails!B:B,"")
A26: VILLAGRÁN | B26: CONSTANZA | C26: Especialista | D26: ESPECIALISTA EN INGENIERÍA AMBIENTAL | E26: UNIVERSIDAD TECNOLOGICA NACIONAL (CORDOBA CAPITAL) | F26: 2000 | G26: =_xlfn.XLOOKUP(IDI_DS[[#This Row],[NOMBRE]]&" "&IDI_DS[[#This Row],[APELLIDO]],Mails!A:A,Mails!B:B,"")
A27: ZAPIOLA | B27: JOSE MATIAS | C27: Especialista | D27: Hidrogeologia | E27: Colorado State University | F27: 1987 | G27: =_xlfn.XLOOKUP(IDI_DS[[#This Row],[NOMBRE]]&" "&IDI_DS[[#This Row],[APELLIDO]],Mails!A:A,Mails!B:B,"")

Sheet IDI-CJ
A1: APELLIDO | B1: NOMBRE | C1: TIPO TITULO | D1: TITULO | E1: INSTITUCION | F1: AÑO EGRESO | G1: EMAIL
A2: ALANIZ | B2: EUGENIA | C2: Magister | D2: Magister en Higiene y Seguridad Laboral | E2: Instituto Argentino de Higiene y Seguridad | F2: 2004 | G2: =_xlfn.XLOOKUP(IDI_CJ[[#This Row],[NOMBRE]]&" "&IDI_CJ[[#This Row],[APELLIDO]],Mails!A:A,Mails!B:B,"") -> ealaniz@ubp.edu.ar
A3: ANGONOA | B3: LUCIANO MANUEL | D3: POSGRADO ONLINE DE ARTES MEDIALES | E3: UNIVERSIDAD NACIONAL DE CORDOBA | G3: =_xlfn.XLOOKUP(IDI_CJ[[#This Row],[NOMBRE]]&" "&IDI_CJ[[#This Row],[APELLIDO]],Mails!A:A,Mails!B:B,"")
A4: ARIZA | B4: GRACIELA DEL VALLE | C4: Doctor | D4: Doctor en Derecho y Cs. Soc. | E4: UNIVERSIDAD NACIONAL DE CORDOBA | F4: 2003 | G4: =_xlfn.XLOOKUP(IDI_CJ[[#This Row],[NOMBRE]]&" "&IDI_CJ[[#This Row],[APELLIDO]],Mails!A:A,Mails!B:B,"")
A5: ARIZA | B5: GRACIELA DEL VALLE | C5: Especialista | D5: DIPLOMADO EN DERECHOS HUMANOS | E5: UNIVERSIDAD BLAS PASCAL | F5: 2000 | G5: =_xlfn.XLOOKUP(IDI_CJ[[#This Row],[NOMBRE]]&" "&IDI_CJ[[#This Row],[APELLIDO]],Mails!A:A,Mails!B:B,"")
A6: ARIZA | B6: GRACIELA DEL VALLE | C6: Magister | D6: Magíster en Derecho y Argumentación Jurídica | E6: UNC | F6: 2018 | G6: =_xlfn.XLOOKUP(IDI_CJ[[#This Row],[NOMBRE]]&" "&IDI_CJ[[#This Row],[APELLIDO]],Mails!A:A,Mails!B:B,"")
A7: ARIZA | B7: GRACIELA DEL VALLE | D7: SEMINARIO SOBRE POSICIÓN JURÍDICA DE LAS CONFESIONES RELIGIOSAS Y DE SUS ENTIDADES EN EL ORDENAMIENT | E7: UNIVERSIDAD POMPEU FABRA FACULTAD DE DERECHO BARCELONA ESPAÑA> | F7: 1998 | G7: =_xlfn.XLOOKUP(IDI_CJ[[#This Row],[NOMBRE]]&" "&IDI_CJ[[#This Row],[APELLIDO]],Mails!A:A,Mails!B:B,"")
A8: ARIZA | B8: GRACIELA DEL VALLE | C8: Doctor | D8: Doctor Honoris Causa | E8: CENTRO UNIVERSITARIO EMMANUEL KANT (MÉXICO | F8: 2016 | G8: =_xlfn.XLOOKUP(IDI_CJ[[#This Row],[NOMBRE]]&" "&IDI_CJ[[#This Row],[APELLIDO]],Mails!A:A,Mails!B:B,"")
A9: BARONE | B9: LORENZO DANIEL | C9: Doctor | D9: Doctor en Derecho y Ciencias Sociales | E9: universidad nacional de córdoba - fac. Derecho y Cs. Sociales | F9: 2016 | G9: =_xlfn.XLOOKUP(IDI_CJ[[#This Row],[NOMBRE]]&" "&IDI_CJ[[#This Row],[APELLIDO]],Mails!A:A,Mails!B:B,"") -> barone.lorenzo@gmail.com
A10: BARONE | B10: LORENZO DANIEL | C10: Especialista | D10: ESPECIALIZACIÓN EN DERECHO PROCESAL CONSTITUCIONAL | E10: universidad Blas Pascal | F10: 2012 | G10: =_xlfn.XLOOKUP(IDI_CJ[[#This Row],[NOMBRE]]&" "&IDI_CJ[[#This Row],[APELLIDO]],Mails!A:A,Mails!B:B,"") -> barone.lorenzo@gmail.com
A11: BERARDO | B11: MATÍAS DANTE | C11: Doctor | D11: DOCTOR EN DERECHO Y CIENCIAS SOCIALES | E11: UNIVERSIDAD NACIONAL DE CÓRDOBA | F11: 2016 | G11: =_xlfn.XLOOKUP(IDI_CJ[[#This Row],[NOMBRE]]&" "&IDI_CJ[[#This Row],[APELLIDO]],Mails!A:A,Mails!B:B,"")
A12: BERARDO | B12: MATÍAS DANTE | C12: Especialista | D12: ESPECIALISTA EN DERECHO DEL TRABAJO | E12: UNIVERSIDAD NACIONAL DE CÓRDOBA | F12: 2018 | G12: =_xlfn.XLOOKUP(IDI_CJ[[#This Row],[NOMBRE]]&" "&IDI_CJ[[#This Row],[APELLIDO]],Mails!A:A,Mails!B:B,"")
A13: BERARDO | B13: MATÍAS DANTE | C13: Especialista | D13: ESPECIALISTA EN DERECHO PROCESAL CONSTITUCIONAL | E13: UNIVERSIDAD BLAS PASCAL | F13: 2012 | G13: =_xlfn.XLOOKUP(IDI_CJ[[#This Row],[NOMBRE]]&" "&IDI_CJ[[#This Row],[APELLIDO]],Mails!A:A,Mails!B:B,"")
A14: BORGARELLO | B14: ESTHER SUSANA | C14: Doctor | D14: DOCTOR EN DERECHO Y CIENCIAS SOCIALES | E14: UNIVERSIDAD NACIONAL DE CORDOBA | F14: 1995 | G14: =_xlfn.XLOOKUP(IDI_CJ[[#This Row],[NOMBRE]]&" "&IDI_CJ[[#This Row],[APELLIDO]],Mails!A:A,Mails!B:B,"")
A15: CANTABERTA | B15: MARÍA JOSÉ | C15: Especialista | D15: ESPECIALISTA EN DERECHO PÚBLICO | E15: UNIVERSIDAD NACIONAL DE CORDOBA | F15: 1993 | G15: =_xlfn.XLOOKUP(IDI_CJ[[#This Row],[NOMBRE]]&" "&IDI_CJ[[#This Row],[APELLIDO]],Mails!A:A,Mails!B:B,"")
A16: CAPDEVILA | B16: TOMÁS | C16: Magister | D16: MAGISTER EN DERECHO EMPRESARIO | E16: UNIVERSIDAD AUSTRAL | F16: 1996 | G16: =_xlfn.XLOOKUP(IDI_CJ[[#This Row],[NOMBRE]]&" "&IDI_CJ[[#This Row],[APELLIDO]],Mails!A:A,Mails!B:B,"")
A17: CARRERA | B17: CECILIA SOLEDAD | C17: Especialista | D17: Especialista en Derecho Judicial y de la Judicatura | E17: Universidad Católica de Córdoba | F17: 2016 | G17: =_xlfn.XLOOKUP(IDI_CJ[[#This Row],[NOMBRE]]&" "&IDI_CJ[[#This Row],[APELLIDO]],Mails!A:A,Mails!B:B,"")
A18: CIARROCCA | B18: LAURA ELIZABETH | C18: Especialista | D18: Especialista en Derecho de Familia | E18: Universidad Nacional de Córdoba | F18: 2008 | G18: =_xlfn.XLOOKUP(IDI_CJ[[#This Row],[NOMBRE]]&" "&IDI_CJ[[#This Row],[APELLIDO]],Mails!A:A,Mails!B:B,"")
A19: CURTINO | B19: MARÍA CRISTINA | C19: Especialista | D19: ESPECIALISTA EN DERECHO MERCANTIL | E19: UNIVERSIDAD DE SALAMANCA | F19: 2000 | G19: =_xlfn.XLOOKUP(IDI_CJ[[#This Row],[NOMBRE]]&" "&IDI_CJ[[#This Row],[APELLIDO]],Mails!A:A,Mails!B:B,"")
... A44: MARQUEZ | B44: MARCELO RODRIGO | C44: Especialista | D44: ESPECIALISTA EN DERECHO PENAL ECONÓMICO | E44: UNIVERSIDAD BLAS PASCAL | F44: 2016 | G44: =_xlfn.XLOOKUP(IDI_CJ[[#This Row],[NOMBRE]]&" "&IDI_CJ[[#This Row],[APELLIDO]],Mails!A:A,Mails!B:B,"")
A45: MARQUEZ | B45: MARCELO RODRIGO | C45: Especialista | D45: PREVENCIÓN Y REPRESIÓN DEL FRAUDE FISCAL Y MED. PARA LA | E45: UNIVERSIDAD DE CASTILLA-LA MANCHA | G45: =_xlfn.XLOOKUP(IDI_CJ[[#This Row],[NOMBRE]]&" "&IDI_CJ[[#This Row],[APELLIDO]],Mails!A:A,Mails!B:B,"")
A46: MISINO | B46: ALBERTO FEDERICO GERONIMO | C46: Especialista | D46: ESPECIALISTA EN DERECHO DEL TRABAJO | E46: UNIVERSIDAD NACIONAL DE CORDOBA - UNIV. CATOLICA DE CORDOBA - UNIV. DEL LITORAL | F46: 2013 | G46: =_xlfn.XLOOKUP(IDI_CJ[[#This Row],[NOMBRE]]&" "&IDI_CJ[[#This Row],[APELLIDO]],Mails!A:A,Mails!B:B,"")
A47: MISINO | B47: ALBERTO FEDERICO GERONIMO | C47: Magister | D47: MAGISTER EN DERECHO EMPRESARIO | E47: UNIVERSIDAD EMPRESARIAL SIGLO 21 | F47: 2010 | G47: =_xlfn.XLOOKUP(IDI_CJ[[#This Row],[NOMBRE]]&" "&IDI_CJ[[#This Row],[APELLIDO]],Mails!A:A,Mails!B:B,"")
A48: ORTEGA | B48: JOSÉ EMILIO | C48: Especialista | D48: ESPECIALISTA EN DERECHO COMUNITARIO | E48: UNIVERSIDAD DE SALAMANCA | G48: =_xlfn.XLOOKUP(IDI_CJ[[#This Row],[NOMBRE]]&" "&IDI_CJ[[#This Row],[APELLIDO]],Mails!A:A,Mails!B:B,"")
A49: ORTIZ | B49: JOSÉ LUIS | C49: Especialista | D49: ESPECIALISTA EN DERECHO PENAL | E49: UNIVERSIDAD NACIONAL DE CORDOBA | F49: 2004 | G49: =_xlfn.XLOOKUP(IDI_CJ[[#This Row],[NOMBRE]]&" "&IDI_CJ[[#This Row],[APELLIDO]],Mails!A:A,Mails!B:B,"")
A50: PACHECO ALONSO | B50: AGUSTINA | C50: Magister | D50: Derecho y Economía del Cambio Climático | E50: FLACSO Argentina | F50: 2021 | G50: =_xlfn.XLOOKUP(IDI_CJ[[#This Row],[NOMBRE]]&" "&IDI_CJ[[#This Row],[APELLIDO]],Mails!A:A,Mails!B:B,"")
A51: PRESTI DANISI | B51: MARÍA ELENA | C51: Especialista | D51: MEDIADOR | E51: UNIVERSIDAD NACIONAL DE CORDOBA.COLEGIO DE ESCRIBANOS | G51: =_xlfn.XLOOKUP(IDI_CJ[[#This Row],[NOMBRE]]&" "&IDI_CJ[[#This Row],[APELLIDO]],Mails!A:A,Mails!B:B,"")
A52: PRESTI DANISI | B52: MARÍA ELENA | C52: Especialista | D52: TECNICATURA EN FRAUDE Y LAVADO DE DINERO | E52: UNIVERSIDAD NACIONAL DE VILLA MARIA | F52: 2015 | G52: =_xlfn.XLOOKUP(IDI_CJ[[#This Row],[NOMBRE]]&" "&IDI_CJ[[#This Row],[APELLIDO]],Mails!A:A,Mails!B:B,"")
A53: PRESTI DANISI | B53: MARÍA ELENA | D53: CURSO DE POSGRADO DIPLOMADO EN PREVENCION DE LAVADO DE ACTIVOS Y FINANCIACION DEL TERRORRISMO | E53: UNIVERSIDAD NACIONAL DE VILLA MARIA | F53: 2016 | G53: =_xlfn.XLOOKUP(IDI_CJ[[#This Row],[NOMBRE]]&" "&IDI_CJ[[#This Row],[APELLIDO]],Mails!A:A,Mails!B:B,"")
A54: QUINTA | B54: MARIELA CAROLINA | C54: Magister | D54: MAGISTER EN PROPIEDAD INTELECTUAL | E54: FLACSO | F54: 2019 | G54: =_xlfn.XLOOKUP(IDI_CJ[[#This Row],[NOMBRE]]&" "&IDI_CJ[[#This Row],[APELLIDO]],Mails!A:A,Mails!B:B,"")
A55: QUINTERO | B55: SUSANA BEATRIZ | C55: Especialista | D55: ESPECIALISTA EN TRIBUTACIÓN | E55: UNIVERSIDAD NACIONAL DE CORDOBA | F55: 1998 | G55: =_xlfn.XLOOKUP(IDI_CJ[[#This Row],[NOMBRE]]&" "&IDI_CJ[[#This Row],[APELLIDO]],Mails!A:A,Mails!B:B,"")
A56: RAISZ | B56: ALBERTO JOSÉ | C56: Doctor | D56: DOCTOR EN DERECHO Y CIENCIAS SOCIALES | E56: UNIVERSIDAD NACIONAL DE CÓRDOBA | F56: 2006 | G56: =_xlfn.XLOOKUP(IDI_CJ[[#This Row],[NOMBRE]]&" "&IDI_CJ[[#This Row],[APELLIDO]],Mails!A:A,Mails!B:B,"")
A57: ROBLES | B57: ANA MARÍA | C57: Magister | D57: MASTER EN AUDITORIA CONTABLE, ECON. Y FCIERA. | E57: UNIVERSIDAD AUTONOMA DE MADRID | F57: 1998 | G57: =_xlfn.XLOOKUP(IDI_CJ[[#This Row],[NOMBRE]]&" "&IDI_CJ[[#This Row],[APELLIDO]],Mails!A:A,Mails!B:B,"")
A58: ROMERO | B58: ARNALDO ENRIQUE | C58: Especialista | D58: ESPECIALISTA EN DERECHO TRIBUTARIO | E58: UNIVERSIDAD AUSTRAL | F58: 2006 | G58: =_xlfn.XLOOKUP(IDI_CJ[[#This Row],[NOMBRE]]&" "&IDI_CJ[[#This Row],[APELLIDO]],Mails!A:A,Mails!B:B,"")
A59: RONCHI | B59: CLAUDIO | C59: Especialista | D59: ESPECIALISTA EN DERECHO PENAL | E59: UNIVERSIDAD NACIONAL DE CORDOBA | F59: 2005 | G59: =_xlfn.XLOOKUP(IDI_CJ[[#This Row],[NOMBRE]]&" "&IDI_CJ[[#This Row],[APELLIDO]],Mails!A:A,Mails!B:B,"")
A60: RUEDA | B60: TOMÁS GUILLERMO | C60: Doctor | D60: DOCTORADO EN DERECHO | E60: Universidad Nacional de Rosario | F60: 2021 | G60: =_xlfn.XLOOKUP(IDI_CJ[[#This Row],[NOMBRE]]&" "&IDI_CJ[[#This Row],[APELLIDO]],Mails!A:A,Mails!B:B,"")
A61: RUEDA | B61: TOMÁS GUILLERMO | C61: Especialista | D61: ESPECIALISTA EN DERECHO DEL SEGURO | E61: UNIVERSIDAD NACIONAL DE CORDOBA | F61: 2001 | G61: =_xlfn.XLOOKUP(IDI_CJ[[#This Row],[NOMBRE]]&" "&IDI_CJ[[#This Row],[APELLIDO]],Mails!A:A,Mails!B:B,"")
A62: RUEDA LAJE | B62: TOMAS | C62: Magister | D62: MAGÍSTER EN DERECHO EMPRESARIO | E62: UNIVERSIDAD AUSTRAL | F62: 2013 | G62: =_xlfn.XLOOKUP(IDI_CJ[[#This Row],[NOMBRE]]&" "&IDI_CJ[[#This Row],[APELLIDO]],Mails!A:A,Mails!B:B,"")
A63: SALAS | B63: GRACIELA ROSA | C63: Doctor | D63: DOCTOR EN DERECHO Y CIENCIAS SOCIALES | E63: UNIVERSIDAD NACIONAL DE CORDOBA | F63: 1982 | G63: =_xlfn.XLOOKUP(IDI_CJ[[#This Row],[NOMBRE]]&" "&IDI_CJ[[#This Row],[APELLIDO]],Mails!A:A,Mails!B:B,"")
A64: SCIACCA | B64: FABIANA JOSEFA | C64: Especialista | D64: ESPECIALISTA EN DERECHO JUDICIAL Y DE LA JUDICATURA | E64: UNIVERSIDAD CATÓLICA DE CÓRDOBA | F64: 2009 | G64: =_xlfn.XLOOKUP(IDI_CJ[[#This Row],[NOMBRE]]&" "&IDI_CJ[[#This Row],[APELLIDO]],Mails!A:A,Mails!B:B,"")
A65: SCIACCA | B65: FABIANA JOSEFA | C65: Magister | D65: MAGISTER EN DERECHO ADMINISTRATIVO | E65: UNIVERSIDAD AUSTRAL - BUENOS AIRES - ARGENTINA | F65: 2000 | G65: =_xlfn.XLOOKUP(IDI_CJ[[#This Row],[NOMBRE]]&" "&IDI_CJ[[#This Row],[APELLIDO]],Mails!A:A,Mails!B:B,"")
... A70: VIALE | B70: DOMINGO ANTONIO | C70: Doctor | D70: DOCTOR EN DERECHO Y CIENCIAS SOCIALES | E70: UNIVERSIDAD NACIONAL DE CORDOBA | F70: 1991 | G70: =_xlfn.XLOOKUP(IDI_CJ[[#This Row],[NOMBRE]]&" "&IDI_CJ[[#This Row],[APELLIDO]],Mails!A:A,Mails!B:B,"")
A71: VILLANUEVA | B71: CARLOS MARTÍN | C71: Magister | D71: Magister en Derecho y argumentación juridica | E71: Universidad Nacional de Cordoba | G71: =_xlfn.XLOOKUP(IDI_CJ[[#This Row],[NOMBRE]]&" "&IDI_CJ[[#This Row],[APELLIDO]],Mails!A:A,Mails!B:B,"")
A72: WEHBE | B72: YAMIL ROQUE | C72: Especialista | D72: Especialista en Derecho Constitucional | E72: Universidad salamanca | F72: 2012 | G72: =_xlfn.XLOOKUP(IDI_CJ[[#This Row],[NOMBRE]]&" "&IDI_CJ[[#This Row],[APELLIDO]],Mails!A:A,Mails!B:B,"")
A73: WEHBE | B73: YAMIL ROQUE | D73: Derecho de Fideicomiso | E73: UNC | F73: 2009 | G73: =_xlfn.XLOOKUP(IDI_CJ[[#This Row],[NOMBRE]]&" "&IDI_CJ[[#This Row],[APELLIDO]],Mails!A:A,Mails!B:B,"")
A74: WEHBE | B74: YAMIL ROQUE | D74: Derecho Procesal | E74: UBP | F74: 2004 | G74: =_xlfn.XLOOKUP(IDI_CJ[[#This Row],[NOMBRE]]&" "&IDI_CJ[[#This Row],[APELLIDO]],Mails!A:A,Mails!B:B,"")
A75: YUNIS | B75: YAMILA CAROLINA | C75: Especialista | D75: Derecho de Familia | E75: Universidad Nacional de Cordoba | F75: 2019 | G75: =_xlfn.XLOOKUP(IDI_CJ[[#This Row],[NOMBRE]]&" "&IDI_CJ[[#This Row],[APELLIDO]],Mails!A:A,Mails!B:B,"")
A76: ZANATTA | B76: HUGO ALBERTO | C76: Especialista | D76: ESPECIALISTA EN DERECHO PÚBLICO | E76: UNIVERSIDAD NACIONAL DE CORDOBA | F76: 2005 | G76: =_xlfn.XLOOKUP(IDI_CJ[[#This Row],[NOMBRE]]&" "&IDI_CJ[[#This Row],[APELLIDO]],Mails!A:A,Mails!B:B,"")

Sheet CMS
A1: APELLIDO | B1: NOMBRE | C1: TIPO TITULO | D1: TITULO | E1: INSTITUCION | F1: AÑO EGRESO | G1: EMAIL
A2: ALANIZ | B2: EUGENIA | C2: Magister | D2: Magister en Gestión y Dirección de las organizaciones | E2: Universidad Blas Pascal | F2: 2023 | G2: =_xlfn.XLOOKUP(CMS[[#This Row],[NOMBRE]]&" "&CMS[[#This Row],[APELLIDO]],Mails!A:A,Mails!B:B,"") -> ealaniz@ubp.edu.ar
A3: AMBROSIO | B3: CARLOS ADRIAN | C3: Especialista | D3: ESPECIALISTA EN INGENIERIA GERENCIAL | E3: UNIVERSIDAD TECNOLOGICA NACIONAL | F3: 2018 | G3: =_xlfn.XLOOKUP(CMS[[#This Row],[NOMBRE]]&" "&CMS[[#This Row],[APELLIDO]],Mails!A:A,Mails!B:B,"")
A4: AMINAHUEL | B4: ARIANA AIME | C4: Doctor | D4: DOCTORA EN ADMINISTRACION Y POLITICA PUBLICA | E4: UNIVERSIDAD NACIONAL DE CORDOBA | F4: 2022 | G4: =_xlfn.XLOOKUP(CMS[[#This Row],[NOMBRE]]&" "&CMS[[#This Row],[APELLIDO]],Mails!A:A,Mails!B:B,"")
A5: ANDREUCCI | B5: MARÍA LUCILA | C5: Magister | D5: MAGISTER EN GERENCIA Y ADMINISTRACION DE SERVICIOS DE SALUD | E5: UNIVERSIDAD NACIAONAL DE CORDOBA | F5: 2021 | G5: =_xlfn.XLOOKUP(CMS[[#This Row],[NOMBRE]]&" "&CMS[[#This Row],[APELLIDO]],Mails!A:A,Mails!B:B,"")
A6: AYME | B6: RUBÉN ESTEBAN | C6: Magister | D6: MAGISTER EN ADMINISTRACIÓN DE EMPRESAS | E6: UNIVERSIDAD DIEGO PORTALES | G6: =_xlfn.XLOOKUP(CMS[[#This Row],[NOMBRE]]&" "&CMS[[#This Row],[APELLIDO]],Mails!A:A,Mails!B:B,"")
A7: BARSEGHIAN | B7: TRISTANA | C7: Magister | D7: MAGISTER EN DIRECCIÓN DE COMUNIC. INSTITUCIONALES | E7: UNIVERSIDAD DE CIENCIAS EMPRESARIALES Y SOCIALES | F7: 2005 | G7: =_xlfn.XLOOKUP(CMS[[#This Row],[NOMBRE]]&" "&CMS[[#This Row],[APELLIDO]],Mails!A:A,Mails!B:B,"")
A8: BIANCONI | B8: TICIANO MARCELO | C8: Magister | D8: Magister en administración de empresas (MBA) | E8: US21 | G8: =_xlfn.XLOOKUP(CMS[[#This Row],[NOMBRE]]&" "&CMS[[#This Row],[APELLIDO]],Mails!A:A,Mails!B:B,"")
A9: BIANCONI | B9: TICIANO MARCELO | C9: Magister | D9: Magister en política y gestión universitaria | E9: Universitat de Barcelona | G9: =_xlfn.XLOOKUP(CMS[[#This Row],[NOMBRE]]&" "&CMS[[#This Row],[APELLIDO]],Mails!A:A,Mails!B:B,"")
A10: BINO | B10: ROSANNA ELIZABETH | C10: Doctor | D10: DOCTORA EN ECONOMIA SOCIAL | E10: UNIVERSIDAD INTERNACIONAL DE ANDALUCIA | F10: 2014 | G10: =_xlfn.XLOOKUP(CMS[[#This Row],[NOMBRE]]&" "&CMS[[#This Row],[APELLIDO]],Mails!A:A,Mails!B:B,"")
A11: BINO | B11: ROSANNA ELIZABETH | C11: Magister | D11: MASTER UNIVERSITARIO EN GESTION DE EMPRESAS: PYMES Y ECONOMIA SOCIAL | E11: UNIVERSIDAD INTERNACIONAL DE ANDALUCIA | G11: =_xlfn.XLOOKUP(CMS[[#This Row],[NOMBRE]]&" "&CMS[[#This Row],[APELLIDO]],Mails!A:A,Mails!B:B,"")
A12: BINO | B12: ROSANNA ELIZABETH | C12: Especialista | D12: Especialista en Ingeniería en Calidad | E12: Universidad Tecnológica de Córdoba | F12: 2006 | G12: =_xlfn.XLOOKUP(CMS[[#This Row],[NOMBRE]]&" "&CMS[[#This Row],[APELLIDO]],Mails!A:A,Mails!B:B,"")
A13: BOLATTI | B13: PABLO SEBASTIÁN | C13: Especialista | D13: Auditor de Normas de Calidad ISO 9001 | E13: Arcor | F13: 2005 | G13: =_xlfn.XLOOKUP(CMS[[#This Row],[NOMBRE]]&" "&CMS[[#This Row],[APELLIDO]],Mails!A:A,Mails!B:B,"")
A14: BOLATTI | B14: PABLO SEBASTIÁN | C14: Especialista | D14: Habilidades Intrapersonales | E14: Instituto Cinman | F14: 2007 | G14: =_xlfn.XLOOKUP(CMS[[#This Row],[NOMBRE]]&" "&CMS[[#This Row],[APELLIDO]],Mails!A:A,Mails!B:B,"")
A15: BOLATTI | B15: PABLO SEBASTIÁN | C15: Especialista | D15: TPM - Total Productive Maintenance | E15: Arcor | F15: 2006 | G15: =_xlfn.XLOOKUP(CMS[[#This Row],[NOMBRE]]&" "&CMS[[#This Row],[APELLIDO]],Mails!A:A,Mails!B:B,"")
A16: CALIGARIS | B16: HUGO CARLOS | C16: Magister | D16: MAGISTER EN DIRECCIÓN Y GESTIÓN DE ORGANIZACIONES | E16: UNIVERSIDAD BLAS PASCAL | F16: 2018 | G16: =_xlfn.XLOOKUP(CMS[[#This Row],[NOMBRE]]&" "&CMS[[#This Row],[APELLIDO]],Mails!A:A,Mails!B:B,"")
A17: CANAVESIO | B17: CARLOS DEL VALLE | C17: Magister | D17: MAGISTER EN DIRECCION Y GESTION DE ORGANIZACIONES | E17: UNIVERSIDAD BLAS PASCAL | F17: 2019 | G17: =_xlfn.XLOOKUP(CMS[[#This Row],[NOMBRE]]&" "&CMS[[#This Row],[APELLIDO]],Mails!A:A,Mails!B:B,"")
A18: CAPELLO | B18: MARCELO LUIS | C18: Especialista | D18: ESPECIALISTA EN ECONOMÍA DE LAS POLÍTICAS SOCIALES | E18: INSTITUTO LATINOAMERICANO DE DOCTRINA Y ESTUDIOS SOCIALES | F18: 2000 | G18: =_xlfn.XLOOKUP(CMS[[#This Row],[NOMBRE]]&" "&CMS[[#This Row],[APELLIDO]],Mails!A:A,Mails!B:B,"")
A19: CARRIZO | B19: JOSÉ ROBERTO | C19: Magister | D19: MÁSTER EN POLITICA Y GESTION UNIVERSITARIA | E19: UNIVERSIDAD DE BARCELONA | G19: =_xlfn.XLOOKUP(CMS[[#This Row],[NOMBRE]]&" "&CMS[[#This Row],[APELLIDO]],Mails!A:A,Mails!B:B,"") -> rcarrizo@gmail.com
A20: CASSUTTI | B20: MARCELA BEATRIZ | C20: Especialista | D20: Curso de postgrado en Administración de Empresas de Salud | E20: IUA - Instituto Universitario Aeronáutico - | F20: 1998 | G20: =_xlfn.XLOOKUP(CMS[[#This Row],[NOMBRE]]&" "&CMS[[#This Row],[APELLIDO]],Mails!A:A,Mails!B:B,"")
A21: CASTAÑEDA | B21: ARIEL ALEJANDRO | C21: Magister | D21: MÁSTER EN POLÍTICA Y GESTIÓN UNIVERSITARIA | E21: 2016 | F21: 2016 | G21: =_xlfn.XLOOKUP(CMS[[#This Row],[NOMBRE]]&" "&CMS[[#This Row],[APELLIDO]],Mails!A:A,Mails!B:B,"") -> acastanieda@ubp.edu.ar
A22: DADONE | B22: LUCIANA MABEL | C22: Magister | D22: Magíster en Dirección Cinematográfica | E22: Universidad San Pablo CEU ESPAÑA | F22: 2002 | G22: =_xlfn.XLOOKUP(CMS[[#This Row],[NOMBRE]]&" "&CMS[[#This Row],[APELLIDO]],Mails!A:A,Mails!B:B,"") -> ludadone@yahoo.com.ar
A23: DEMARIA | B23: MARIELA LORENA | C23: Magister | D23: MAESTRIA EN DIRECCION ESTRATEGICA | E23: LA UNIVERSIDAD INTERNACIONAL IBEROAMERICANA | F23: 2017 | G23: =_xlfn.XLOOKUP(CMS[[#This Row],[NOMBRE]]&" "&CMS[[#This Row],[APELLIDO]],Mails!A:A,Mails!B:B,"")
A24: FERNÁNDEZ SIREROL | B24: SANDRA MILVA | C24: Magister | D24: MAGISTER EN DIRECCIÓN DE EMPRESAS | E24: UNIVERSIDAD CATOLICA DE CORDOBA | F24: 2005 | G24: =_xlfn.XLOOKUP(CMS[[#This Row],[NOMBRE]]&" "&CMS[[#This Row],[APELLIDO]],Mails!A:A,Mails!B:B,"")
A25: FERREYRA | B25: YAMILA MARICEL | C25: Doctor | D25: DOCTORA EN ADMINISTRACION Y POLITICA PUBLICA | E25: UNIVERSIDAD NACIONAL DE CORDOBA | F25: 2018 | G25: =_xlfn.XLOOKUP(CMS[[#This Row],[NOMBRE]]&" "&CMS[[#This Row],[APELLIDO]],Mails!A:A,Mails!B:B,"") -> yamferreyra@ubp.edu.ar
A26: FUSHIMI | B26: JORGE FERNANDO | C26: Especialista | D26: Especialista en Gobierno Corporativo de las Sociedades Mercantiles | E26: Universidad de Castilla La Mancha (España) | F26: 2007 | G26: =_xlfn.XLOOKUP(CMS[[#This Row],[NOMBRE]]&" "&CMS[[#This Row],[APELLIDO]],Mails!A:A,Mails!B:B,"") -> jffushimi_1@hotmail.com
A27: FUSHIMI | B27: JORGE FERNANDO | C27: Especialista | D27: Especialista en Sindicatura Concursal | E27: Facultad de Ciencias Económicas UNC | F27: 1992 | G27: =_xlfn.XLOOKUP(CMS[[#This Row],[NOMBRE]]&" "&CMS[[#This Row],[APELLIDO]],Mails!A:A,Mails!B:B,"") -> jffushimi_1@hotmail.com
A28: GEREMÍA | B28: WALDO EUGENIO | D28: Innovación Aplicada | E28: Universidad Blas Pascal | F28: 2019 | G28: =_xlfn.XLOOKUP(CMS[[#This Row],[NOMBRE]]&" "&CMS[[#This Row],[APELLIDO]],Mails!A:A,Mails!B:B,"")
A29: GIMENO | B29: RENE EDUARDO | C29: Magister | D29: MBA | E29: UBP | F29: 2021 | G29: =_xlfn.XLOOKUP(CMS[[#This Row],[NOMBRE]]&" "&CMS[[#This Row],[APELLIDO]],Mails!A:A,Mails!B:B,"")
A30: GRAGLIA | B30: MARIA SOLEDAD | C30: Especialista | D30: ESP.EN GESTIÓN Y CONDUCCIÓN DEL SIST.EDUC.Y SUS INSTITUC. | E30: LA FAULTAD LATINOAMERICANA DE CIENCIAS SOCIALES | G30: =_xlfn.XLOOKUP(CMS[[#This Row],[NOMBRE]]&" "&CMS[[#This Row],[APELLIDO]],Mails!A:A,Mails!B:B,"")
A31: LO CELSO GARZÓN | B31: ADELA MARÍA | C31: Magister | D31: MASTER UNIVERSITARIO EN GOBIERNO Y CULTURA DE LAS ORGANIZACIONES | E31: UNIVERSIDAD DE NAVARRA | F31: 2012 | G31: =_xlfn.XLOOKUP(CMS[[#This Row],[NOMBRE]]&" "&CMS[[#This Row],[APELLIDO]],Mails!A:A,Mails!B:B,"")
A32: LORENZATTI | B32: MARÍA LAURA | C32: Magister | D32: MAGISTER EN GESTION Y POLITICA UNIVERSITARIA | E32: UNIVERSIDAD DE BARCELONA | F32: 2016 | G32: =_xlfn.XLOOKUP(CMS[[#This Row],[NOMBRE]]&" "&CMS[[#This Row],[APELLIDO]],Mails!A:A,Mails!B:B,"")
A33: MAQUI | B33: CRISTIAN MARTIN | C33: Magister | D33: Magister en Dirección y gestión de organizaciones | E33: universidad blas pascal | F33: 2019 | G33: =_xlfn.XLOOKUP(CMS[[#This Row],[NOMBRE]]&" "&CMS[[#This Row],[APELLIDO]],Mails!A:A,Mails!B:B,"")
A34: MARTIN | B34: SANTIAGO | C34: Especialista | D34: Especialición en Dirección de Finanzas | E34: ICDA - Universidad Católica de Córdoba | F34: 2021 | G34: =_xlfn.XLOOKUP(CMS[[#This Row],[NOMBRE]]&" "&CMS[[#This Row],[APELLIDO]],Mails!A:A,Mails!B:B,"")
A35: MARTINEZ FUNES | B35: ANDREA CAROLINA | C35: Especialista | D35: Specialization in Human Resources Management | E35: University of California | F35: 2017 | G35: =_xlfn.XLOOKUP(CMS[[#This Row],[NOMBRE]]&" "&CMS[[#This Row],[APELLIDO]],Mails!A:A,Mails!B:B,"")
A36: MARTINEZ FUNES | B36: ANDREA CAROLINA | C36: Especialista | D36: Specialization in Neuromanagement | E36: IDHEAP Swiss Graduate School of Public Administration | F36: 2011 | G36: =_xlfn.XLOOKUP(CMS[[#This Row],[NOMBRE]]&" "&CMS[[#This Row],[APELLIDO]],Mails!A:A,Mails!B:B,"")
A37: MARTINEZ FUNES | B37: ANDREA CAROLINA | C37: Magister | D37: Máster en Dirección Estratégica de Recursos Humanos | E37: Universidad Politécnica de Catalunya | F37: 2018 | G37: =_xlfn.XLOOKUP(CMS[[#This Row],[NOMBRE]]&" "&CMS[[#This Row],[APELLIDO]],Mails!A:A,Mails!B:B,"")
A38: MARTINEZ FUNES | B38: ANDREA CAROLINA | C38: Magister | D38: MASTER EN MANAGEMENT DE ORGANIZACIONES INTERNACIONALES | E38: UNIVERSITÉ DE POITIERS | F38: 2010 | G38: =_xlfn.XLOOKUP(CMS[[#This Row],[NOMBRE]]&" "&CMS[[#This Row],[APELLIDO]],Mails!A:A,Mails!B:B,"")
A39: MIGLIAZZO | B39: OSCAR ANDRES | C39: Magister | D39: MAGISTER EN DIRECCIÓN DE EMPRESAS | E39: UNIVERSIDAD CATÓLICA DE CÓRDOBA | G39: =_xlfn.XLOOKUP(CMS[[#This Row],[NOMBRE]]&" "&CMS[[#This Row],[APELLIDO]],Mails!A:A,Mails!B:B,"")
A40: MOLINA | B40: DANIEL ENRIQUE | C40: Especialista | D40: Posgrado en Desarrollo Gerencial y Administracion de Negocios | E40: Universidad Torcuato Di Tella | F40: 2006 | G40: =_xlfn.XLOOKUP(CMS[[#This Row],[NOMBRE]]&" "&CMS[[#This Row],[APELLIDO]],Mails!A:A,Mails!B:B,"")
A41: MOZAS | B41: GONZALO ANDRES | C41: Magister | D41: Magister en Dirección de Empresas | E41: Universidad Católica de Córdoba | F41: 1999 | G41: =_xlfn.XLOOKUP(CMS[[#This Row],[NOMBRE]]&" "&CMS[[#This Row],[APELLIDO]],Mails!A:A,Mails!B:B,"")
A42: NAZAR | B42: MARIA ALEJANDRA | C42: Magister | D42: magíster en comercio internacional | E42: centro isead - adscipto a universidad complutense de madrid | F42: 2008 | G42: =_xlfn.XLOOKUP(CMS[[#This Row],[NOMBRE]]&" "&CMS[[#This Row],[APELLIDO]],Mails!A:A,Mails!B:B,"")
A43: NICASIO | B43: CECILIA MARÍA | C43: Especialista | D43: ESPECIALISTA EN INGENIERÍA GERENCIAL | E43: UNIVERSIDAD TECNOLOGICA NACIONAL (AVELLANEDA- BUENOS AIRES) | F43: 2003 | G43: =_xlfn.XLOOKUP(CMS[[#This Row],[NOMBRE]]&" "&CMS[[#This Row],[APELLIDO]],Mails!A:A,Mails!B:B,"")
A44: OLIVA | B44: CARINA DOLORES | C44: Magister | D44: Magister en Dirección de Negocios | E44: Universidad Católica de Cordoba | F44: 2018 | G44: =_xlfn.XLOOKUP(CMS[[#This Row],[NOMBRE]]&" "&CMS[[#This Row],[APELLIDO]],Mails!A:A,Mails!B:B,"") -> caroliva@ubp.edu.ar
A45: OLIVETTI | B45: EDGARDO OSCAR | C45: Especialista | D45: MAGISTER EN GESTIÓN PÚBLICA | E45: UNIVERSIDAD CATOLICA DE CORDOBA | F45: 2008 | G45: =_xlfn.XLOOKUP(CMS[[#This Row],[NOMBRE]]&" "&CMS[[#This Row],[APELLIDO]],Mails!A:A,Mails!B:B,"")
A46: OLIVETTI | B46: EDGARDO OSCAR | C46: Magister | D46: Magister en Gestión de Políticas Públicas | E46: Georgetown EEUU | F46: 2007 | G46: =_xlfn.XLOOKUP(CMS[[#This Row],[NOMBRE]]&" "&CMS[[#This Row],[APELLIDO]],Mails!A:A,Mails!B:B,"")
A47: ORTEGA | B47: JOSÉ EMILIO | C47: Especialista | D47: Especialista en Administración de Servicios de Salud | E47: Escuela de Formación de Especialistas - Ministerio de Salud de Córdoba | F47: 2011 | G47: =_xlfn.XLOOKUP(CMS[[#This Row],[NOMBRE]]&" "&CMS[[#This Row],[APELLIDO]],Mails!A:A,Mails!B:B,"")
A48: OVIEDO | B48: JORGE MAURICIO | C48: Doctor | D48: DOCTOR EN CIENCIAS ECONÓMICAS CON MENCIÓN EN ECONOMÍA | E48: UNIVERSIDAD NACIONAL DE CÓRDOBA | F48: 2016 | G48: =_xlfn.XLOOKUP(CMS[[#This Row],[NOMBRE]]&" "&CMS[[#This Row],[APELLIDO]],Mails!A:A,Mails!B:B,"") -> joroviedo@hotmail.com
A49: PACCE ROSATO | B49: CECILIA | D49: DIPLOMATURA EN GESTION EDUCATIVA | E49: FLACSO | F49: 2021 | G49: =_xlfn.XLOOKUP(CMS[[#This Row],[NOMBRE]]&" "&CMS[[#This Row],[APELLIDO]],Mails!A:A,Mails!B:B,"")
A50: PAIVA | B50: LUIS ERNESTO | C50: Magister | D50: Magister en Dirección de Negocios | E50: Universidad Nacional de Córdoba | F50: 2014 | G50: =_xlfn.XLOOKUP(CMS[[#This Row],[NOMBRE]]&" "&CMS[[#This Row],[APELLIDO]],Mails!A:A,Mails!B:B,"")
A51: PANTANO | B51: MARCELO ARIEL | C51: Magister | D51: Magister en Dirección y Gestión Universitaria | E51: Universidad de Barcelona | F51: 2015 | G51: =_xlfn.XLOOKUP(CMS[[#This Row],[NOMBRE]]&" "&CMS[[#This Row],[APELLIDO]],Mails!A:A,Mails!B:B,"")
A52: PICA | B52: JORGE IVAN | C52: Magister | D52: Maestría en Dirección y Gestión de Organizaciones | E52: Universidad Blas Pascal | F52: 2018 | G52: =_xlfn.XLOOKUP(CMS[[#This Row],[NOMBRE]]&" "&CMS[[#This Row],[APELLIDO]],Mails!A:A,Mails!B:B,"")
A53: PIERRE | B53: JAVIER ALEJANDRO | C53: Magister | D53: Magíster en Dirección de Negocios | E53: Universidad Nacional de Córdoba | F53: 2018 | G53: =_xlfn.XLOOKUP(CMS[[#This Row],[NOMBRE]]&" "&CMS[[#This Row],[APELLIDO]],Mails!A:A,Mails!B:B,"")
A54: PIERRE | B54: JAVIER ALEJANDRO | C54: Magister | D54: Máster en Política y Gestión Universitaria | E54: Universidad de Barcelona | F54: 2016 | G54: =_xlfn.XLOOKUP(CMS[[#This Row],[NOMBRE]]&" "&CMS[[#This Row],[APELLIDO]],Mails!A:A,Mails!B:B,"")
A55: PUCHETA | B55: LUIS EDUARDO | C55: Magister | D55: MAGISTER EN DIRECCIÓN DE EMPRESAS | E55: ICDA - UNIVERSIDAD CATOLICA DE CORDOBA | F55: 2003 | G55: =_xlfn.XLOOKUP(CMS[[#This Row],[NOMBRE]]&" "&CMS[[#This Row],[APELLIDO]],Mails!A:A,Mails!B:B,"")
A56: RAZZI | B56: ANA CAROLINA | C56: Magister | D56: MBA | E56: Universidad Empresarial S21 | F56: 2014 | G56: =_xlfn.XLOOKUP(CMS[[#This Row],[NOMBRE]]&" "&CMS[[#This Row],[APELLIDO]],Mails!A:A,Mails!B:B,"")
A57: RODRIGUEZ | B57: MARTIN OSCAR | C57: Especialista | D57: Especialista en Ingeniería Gerencial | E57: Universidad Tecnológica Nacional | F57: 2016 | G57: =_xlfn.XLOOKUP(CMS[[#This Row],[NOMBRE]]&" "&CMS[[#This Row],[APELLIDO]],Mails!A:A,Mails!B:B,"")
A58: RODRIGUEZ MACHADO | B58: ARGOS | C58: Magister | D58: MAGISTER EN BUSINESS ADMINISTRATION | E58: UNIVERSIDAD EMPRESARIAL SIGLO 21 | F58: 2009 | G58: =_xlfn.XLOOKUP(CMS[[#This Row],[NOMBRE]]&" "&CMS[[#This Row],[APELLIDO]],Mails!A:A,Mails!B:B,"")
A59: ROSSI | B59: ROBERTO RAÚL | C59: Magister | D59: MASTER ELECTRONIC ENGINEER | E59: NEDERLANS UNIVERSITY FOUND. F/INT. COOP. | F59: 1987 | G59: =_xlfn.XLOOKUP(CMS[[#This Row],[NOMBRE]]&" "&CMS[[#This Row],[APELLIDO]],Mails!A:A,Mails!B:B,"")
A60: ROSSI | B60: ROBERTO RAÚL | C60: Magister | D60: Máster en Política y Gestión Universitaria | E60: Universidad de Barcelona - Universidad Blas Pascal | F60: 2016 | G60: =_xlfn.XLOOKUP(CMS[[#This Row],[NOMBRE]]&" "&CMS[[#This Row],[APELLIDO]],Mails!A:A,Mails!B:B,"")
A61: RUIZ | B61: GONZALO | C61: Magister | D61: Executive MBA | E61: EADA Business School | F61: 2021 | G61: =_xlfn.XLOOKUP(CMS[[#This Row],[NOMBRE]]&" "&CMS[[#This Row],[APELLIDO]],Mails!A:A,Mails!B:B,"")
... A68: STOPPA | B68: ANALIA BELEN | C68: Magister | D68: MAGISTER EN DIRECCION DE EMPRESAS | E68: ICDA UNIVERSIDAD CATOLICA DE CORDOBA | F68: 2006 | G68: =_xlfn.XLOOKUP(CMS[[#This Row],[NOMBRE]]&" "&CMS[[#This Row],[APELLIDO]],Mails!A:A,Mails!B:B,"")
A69: STRAHMAN | B69: ELENA BEATRIZ | D69: EVALUACIÓN DE PORYECTOS DE INVERSIÓN | E69: UNIVERSIDAD NACIONAL DE CÓRDOBA FACULTAD DE AGRONOMÍA ESCUELA DE EJECUTIVOS | G69: =_xlfn.XLOOKUP(CMS[[#This Row],[NOMBRE]]&" "&CMS[[#This Row],[APELLIDO]],Mails!A:A,Mails!B:B,"")
A70: SUPPIA | B70: IVANNA MARIELA | C70: Magister | D70: Magister en Dirección y Gestión de Recursos Humanos | E70: Universidad Blas Pascal | F70: 2020 | G70: =_xlfn.XLOOKUP(CMS[[#This Row],[NOMBRE]]&" "&CMS[[#This Row],[APELLIDO]],Mails!A:A,Mails!B:B,"")
A71: TARICCO CALVO | B71: GUSTAVO ALEJANDRO | C71: Especialista | D71: Planificación Integrada de Negocios | E71: Universidad Católica de Córdoba | F71: 2016 | G71: =_xlfn.XLOOKUP(CMS[[#This Row],[NOMBRE]]&" "&CMS[[#This Row],[APELLIDO]],Mails!A:A,Mails!B:B,"")
A72: TRAVAGLINO | B72: DIEGO | C72: Magister | D72: Magister direccion empresa | E72: ESADE Barcelona | F72: 2000 | G72: =_xlfn.XLOOKUP(CMS[[#This Row],[NOMBRE]]&" "&CMS[[#This Row],[APELLIDO]],Mails!A:A,Mails!B:B,"")
A73: TRAVAGLINO | B73: DIEGO | C73: Magister | D73: Magister direccion empresas | E73: ICDA universiada catolica cordoba | F73: 1998 | G73: =_xlfn.XLOOKUP(CMS[[#This Row],[NOMBRE]]&" "&CMS[[#This Row],[APELLIDO]],Mails!A:A,Mails!B:B,"")
A74: TRAVAGLINO | B74: DIEGO | C74: Especialista | D74: Diplomado supply chain | E74: Adolfo ibañez Santiago Chile | F74: 2000 | G74: =_xlfn.XLOOKUP(CMS[[#This Row],[NOMBRE]]&" "&CMS[[#This Row],[APELLIDO]],Mails!A:A,Mails!B:B,"")

Sheet Indeterminados
A1: APELLIDO | B1: NOMBRE | C1: TIPO TITULO | D1: TITULO | E1: INSTITUCION | F1: AÑO EGRESO | G1: EMAIL
A2: BARONI | B2: PAOLA ANDREA | C2: Doctor | D2: DOCTORA EN RELACIONES INTERNACIONALES | E2: UNIVERSIDADA NACIONAL DE ROSARIO | F2: 20190 | G2: =_xlfn.XLOOKUP(Indeterminados[[#This Row],[NOMBRE]]&" "&Indeterminados[[#This Row],[APELLIDO]],Mails!A:A,Mails!B:B,"") -> paobaroni@yahoo.com.ar
A3: BELTRAMONE | B3: GIULIANA BEATRIZ | C3: Magister | D3: Maestría en Aplicaciones de Información Espacial | E3: Instituto Gulich | F3: 20210 | G3: =_xlfn.XLOOKUP(Indeterminados[[#This Row],[NOMBRE]]&" "&Indeterminados[[#This Row],[APELLIDO]],Mails!A:A,Mails!B:B,"") -> giulib92@hotmail.com
A4: BISIGNANO | B4: RODOLFO | C4: Magister | D4: MAGISTER EN RELACIONES INTERNACIONALES | E4: UNIVERSIDAD NACIONAL DE CÓRDOBA | G4: =_xlfn.XLOOKUP(Indeterminados[[#This Row],[NOMBRE]]&" "&Indeterminados[[#This Row],[APELLIDO]],Mails!A:A,Mails!B:B,"")
A5: BORDA | B5: VILMA BLANCA | C5: Magister | D5: MAGISTER EN GESTIÓN Y DESARROLLO DEL TURISMO, CON ESPECIALIDAD EN EMPRESAS TURÍSTICAS | E5: UNIVERSIDAD NACIONAL QUILMES | F5: 20150 | G5: =_xlfn.XLOOKUP(Indeterminados[[#This Row],[NOMBRE]]&" "&Indeterminados[[#This Row],[APELLIDO]],Mails!A:A,Mails!B:B,"")
A6: BORGARELLO | B6: ESTHER SUSANA | C6: Doctor | D6: posdoctorado | E6: universidad nacional de cordoba | G6: =_xlfn.XLOOKUP(Indeterminados[[#This Row],[NOMBRE]]&" "&Indeterminados[[#This Row],[APELLIDO]],Mails!A:A,Mails!B:B,"")
A7: BRITO ARRIBAS | B7: JAVIER FERNANDO | D7: CURSO DE POSGRADO REDACCION DE TEXTOS ACADEMICOS Y CIENTIFICOS | E7: UNIVERSIDAD NACIONAL DE CORDOBA | F7: 20100 | G7: =_xlfn.XLOOKUP(Indeterminados[[#This Row],[NOMBRE]]&" "&Indeterminados[[#This Row],[APELLIDO]],Mails!A:A,Mails!B:B,"")
A8: BUZELIN HARO | B8: CORINA MARGARITA | C8: Magister | D8: MAESTRIA EN LENGUAJES E INTERCULTURALDAD | E8: UNIVERSIDAD NACIONAL DE CORDOBA | F8: 20190 | G8: =_xlfn.XLOOKUP(Indeterminados[[#This Row],[NOMBRE]]&" "&Indeterminados[[#This Row],[APELLIDO]],Mails!A:A,Mails!B:B,"")
A9: CALVIMONTE | B9: BEATRIZ | C9: Magister | D9: MASTER | E9: U.N.T.F. | F9: 20080 | G9: =_xlfn.XLOOKUP(Indeterminados[[#This Row],[NOMBRE]]&" "&Indeterminados[[#This Row],[APELLIDO]],Mails!A:A,Mails!B:B,"")
A10: CAPELLO | B10: MARCELO LUIS | C10: Magister | D10: MASTER OF ARTS IN ECONOMICS | E10: GEORGETOWN UNIVERSITY | F10: 20020 | G10: =_xlfn.XLOOKUP(Indeterminados[[#This Row],[NOMBRE]]&" "&Indeterminados[[#This Row],[APELLIDO]],Mails!A:A,Mails!B:B,"")
A11: CONCI | B11: ESTEBAN FERMIN | C11: Especialista | E11: UNIVERSIDAD TECNOLÓGICA NACIONAL | F11: 20140 | G11: =_xlfn.XLOOKUP(Indeterminados[[#This Row],[NOMBRE]]&" "&Indeterminados[[#This Row],[APELLIDO]],Mails!A:A,Mails!B:B,"") -> esteban.conci@gmail.com
A12: CORDOBA | B12: MATIAS PABLO | C12: Magister | D12: MASTER UNIVERSITARIO ERASMUS MUNDUS EN DIAGNOSIS | E12: UNIVERSIDAD DE SEVILLA | F12: 20130 | G12: =_xlfn.XLOOKUP(Indeterminados[[#This Row],[NOMBRE]]&" "&Indeterminados[[#This Row],[APELLIDO]],Mails!A:A,Mails!B:B,"")
A13: CORDOBA | B13: MATIAS PABLO | C13: Magister | D13: MASTER UNIVERSITARIO EN PERITACION Y REPARACION DE EDIFCIOS | E13: UNIVERSIDAD DE SEVILLA | F13: 20120 | G13: =_xlfn.XLOOKUP(Indeterminados[[#This Row],[NOMBRE]]&" "&Indeterminados[[#This Row],[APELLIDO]],Mails!A:A,Mails!B:B,"")
A14: CÓRDOBA | B14: MARCELO DANIEL | C14: Doctor | D14: DOCTORADO EN SEMIÓTICA | E14: UNIVERSIDAD NACIONAL DE CÓRDOBA | F14: 20150 | G14: =_xlfn.XLOOKUP(Indeterminados[[#This Row],[NOMBRE]]&" "&Indeterminados[[#This Row],[APELLIDO]],Mails!A:A,Mails!B:B,"")
A15: DE LA CUEVA | B15: DANIEL GUSTAVO | C15: Especialista | D15: Seminario de Posgrado Estudios Olimpicos | E15: Academia Olímpica Internacional | F15: 20090 | G15: =_xlfn.XLOOKUP(Indeterminados[[#This Row],[NOMBRE]]&" "&Indeterminados[[#This Row],[APELLIDO]],Mails!A:A,Mails!B:B,"")
A16: DI MARCO | B16: GISELA ELIZABETH | C16: Especialista | D16: en Producción de Textos Críticos y de Difusión Mediática de las Artes | E16: UNIVERSIDAD NACIONAL DE LAS ARTES | F16: 20190 | G16: =_xlfn.XLOOKUP(Indeterminados[[#This Row],[NOMBRE]]&" "&Indeterminados[[#This Row],[APELLIDO]],Mails!A:A,Mails!B:B,"")
A17: FERNÁNDEZ SUÁREZ | B17: EDGAR GUSTAVO | C17: Doctor | D17: DOCTOR EN CIENCIAS POLITICAS Y SOCIOLOGIA | E17: UNIVERSIDAD COMPLUTENSE DE MADRID | F17: 19940 | G17: =_xlfn.XLOOKUP(Indeterminados[[#This Row],[NOMBRE]]&" "&Indeterminados[[#This Row],[APELLIDO]],Mails!A:A,Mails!B:B,"")
A18: FERNÁNDEZ SUÁREZ | B18: EDGAR GUSTAVO | C18: Especialista | D18: en Estudios Internacionales | E18: Escuela Diplomática de Madrid. Ministerio de Asuntos Exteriores del Reino de España | F18: 19910 | G18: =_xlfn.XLOOKUP(Indeterminados[[#This Row],[NOMBRE]]&" "&Indeterminados[[#This Row],[APELLIDO]],Mails!A:A,Mails!B:B,"")
A19: FIGUERAS | B19: ALBERTO JOSÉ | C19: Doctor | D19: DOCTOR EN CIENCIAS ECONÓMICAS | E19: UNIVERSIDAD NACIONAL DE CORDOBA | F19: 19920 | G19: =_xlfn.XLOOKUP(Indeterminados[[#This Row],[NOMBRE]]&" "&Indeterminados[[#This Row],[APELLIDO]],Mails!A:A,Mails!B:B,"")
A20: FRAENZA | B20: JOSÉ FERNANDO | C20: Doctor | D20: DOCTOR EN BELLAS ARTES | E20: UNIVERSIDAD DE CASTILLA - LA MANCHA | F20: 20020 | G20: =_xlfn.XLOOKUP(Indeterminados[[#This Row],[NOMBRE]]&" "&Indeterminados[[#This Row],[APELLIDO]],Mails!A:A,Mails!B:B,"")
A21: FRAENZA | B21: JOSÉ FERNANDO | D21: Post-doctorado. Programa de Formación Continua para doctores en Humanidades, Artes y C. Sociales | E21: Centro de Estudios Avanzados, Universidad Nacional de Córdoba | F21: 20130 | G21: =_xlfn.XLOOKUP(Indeterminados[[#This Row],[NOMBRE]]&" "&Indeterminados[[#This Row],[APELLIDO]],Mails!A:A,Mails!B:B,"")
A22: FUNES | B22: GUSTAVO ADOLFO | D22: Project Manager | E22: UTN | F22: 20100 | G22: =_xlfn.XLOOKUP(Indeterminados[[#This Row],[NOMBRE]]&" "&Indeterminados[[#This Row],[APELLIDO]],Mails!A:A,Mails!B:B,"")
A23: GARBINO | B23: PATRICIA ALEJANDRA | C23: Especialista | E23: UNIVERSIDAD CATÓLICA DE CUYO | G23: =_xlfn.XLOOKUP(Indeterminados[[#This Row],[NOMBRE]]&" "&Indeterminados[[#This Row],[APELLIDO]],Mails!A:A,Mails!B:B,"") -> pgarbino@ubp.edu.ar
A24: GASSMANN | B24: MALVINA SOLEDAD | C24: Magister | E24: UNIVERSIDAD TECNOLÓGICA NACIONAL REGIONAL CÓRDOBA | F24: 20130 | G24: =_xlfn.XLOOKUP(Indeterminados[[#This Row],[NOMBRE]]&" "&Indeterminados[[#This Row],[APELLIDO]],Mails!A:A,Mails!B:B,"")
A25: GAY BARBOSA | B25: DANIEL GUSTAVO | C25: Especialista | D25: Mediador | E25: Asociacion Argentina de Mediacion | F25: 19980 | G25: =_xlfn.XLOOKUP(Indeterminados[[#This Row],[NOMBRE]]&" "&Indeterminados[[#This Row],[APELLIDO]],Mails!A:A,Mails!B:B,"")
A26: GIACOBBE | B26: CLAUDIA DANIELA | C26: Magister | D26: MAGISTER EN CIENCIAS SOCIALES | E26: Universidad Nacional de Córdoba | F26: 20140 | G26: =_xlfn.XLOOKUP(Indeterminados[[#This Row],[NOMBRE]]&" "&Indeterminados[[#This Row],[APELLIDO]],Mails!A:A,Mails!B:B,"")
A27: JOAQUÍN | B27: DANIEL ALBERTO | C27: Doctor | D27: DOCTOR EN MATEMÁTICA | E27: UNIVERSIDAD NACIONAL DE ROSARIO | F27: 20060 | G27: =_xlfn.XLOOKUP(Indeterminados[[#This Row],[NOMBRE]]&" "&Indeterminados[[#This Row],[APELLIDO]],Mails!A:A,Mails!B:B,"")
A28: JUÁREZ CENTENO | B28: CARLOS ALFREDO | C28: Especialista | D28: Diploma de Altos Estudios Internacionales | E28: Sociedad Española de Estudios Internacion | F28: 19890 | G28: =_xlfn.XLOOKUP(Indeterminados[[#This Row],[NOMBRE]]&" "&Indeterminados[[#This Row],[APELLIDO]],Mails!A:A,Mails!B:B,"")
A29: KIESSLING | B29: CHRISTOPHER KURT | C29: Doctor | D29: Ciencias Sociales | E29: FLACSO Argentina | F29: 20190 | G29: =_xlfn.XLOOKUP(Indeterminados[[#This Row],[NOMBRE]]&" "&Indeterminados[[#This Row],[APELLIDO]],Mails!A:A,Mails!B:B,"") -> ckiessling@ubp.edu.ar
A30: KIESSLING | B30: CHRISTOPHER KURT | C30: Especialista | D30: Desarrollo Humano | E30: FLACSO Argentina | F30: 20130 | G30: =_xlfn.XLOOKUP(Indeterminados[[#This Row],[NOMBRE]]&" "&Indeterminados[[#This Row],[APELLIDO]],Mails!A:A,Mails!B:B,"") -> ckiessling@ubp.edu.ar
A31: KIESSLING | B31: CHRISTOPHER KURT | C31: Magister | D31: Desarrollo Humano | E31: FLACSO Argentina | F31: 20140 | G31: =_xlfn.XLOOKUP(Indeterminados[[#This Row],[NOMBRE]]&" "&Indeterminados[[#This Row],[APELLIDO]],Mails!A:A,Mails!B:B,"") -> ckiessling@ubp.edu.ar
A32: KONIGHEIM | B32: BRENDA SALOME | C32: Doctor | D32: Doctor en Ciencias Biológicas | E32: Universidad Nacional de Cordoba | F32: 20120 | G32: =_xlfn.XLOOKUP(Indeterminados[[#This Row],[NOMBRE]]&" "&Indeterminados[[#This Row],[APELLIDO]],Mails!A:A,Mails!B:B,"")
A33: LAGORIA | B33: SILVANA LORENA | C33: Doctor | D33: en Estudios Sociales de América Latina | E33: UNIVERSIDAD NACIONAL DE CÓRDOBA | F33: 20160 | G33: =_xlfn.XLOOKUP(Indeterminados[[#This Row],[NOMBRE]]&" "&Indeterminados[[#This Row],[APELLIDO]],Mails!A:A,Mails!B:B,"")
A34: LAGORIA | B34: SILVANA LORENA | C34: Magister | D34: MAGISTER EN GESTIÓN PARA LA INTEGRACIÓN REGIONAL | E34: UNIVERSIDAD NACIONAL DE CORDOBA | F34: 20080 | G34: =_xlfn.XLOOKUP(Indeterminados[[#This Row],[NOMBRE]]&" "&Indeterminados[[#This Row],[APELLIDO]],Mails!A:A,Mails!B:B,"")
A35: LIENDO | B35: CARLOS GUILLERMO | C35: Especialista | D35: Diplomado en Smart Cities | E35: Universidad Blas Pascal | F35: 20190 | G35: =_xlfn.XLOOKUP(Indeterminados[[#This Row],[NOMBRE]]&" "&Indeterminados[[#This Row],[APELLIDO]],Mails!A:A,Mails!B:B,"") -> carlosliendo@gmail.com
A36: LÓPEZ PAPPATERRA | B36: JUAN DE DIOS | E36: Universidad Torcuato Di Tella (UTDT) | F36: 20100 | G36: =_xlfn.XLOOKUP(Indeterminados[[#This Row],[NOMBRE]]&" "&Indeterminados[[#This Row],[APELLIDO]],Mails!A:A,Mails!B:B,"")
A37: MAAD | B37: JULIÁN | C37: Magister | E37: Universitat de Barcelona | F37: 20160 | G37: =_xlfn.XLOOKUP(Indeterminados[[#This Row],[NOMBRE]]&" "&Indeterminados[[#This Row],[APELLIDO]],Mails!A:A,Mails!B:B,"")
A38: MAGUIRE | B38: VANINA GISELLE | C38: Doctor | D38: DOCTORA EN BIOLOGIA MOLECULAR Y BIOTECNOLOGIA | E38: UNIVERSIDAD NACIONAL DE GENERAL SAN MARTIN | F38: 20200 | G38: =_xlfn.XLOOKUP(Indeterminados[[#This Row],[NOMBRE]]&" "&Indeterminados[[#This Row],[APELLIDO]],Mails!A:A,Mails!B:B,"")
A39: MISINO | B39: ALBERTO FEDERICO GERONIMO | C39: Especialista | D39: ESPECIALISTA EN SINDICATURA CONCURSAL | E39: UNIVERSIDAD NACIONAL DE CORDOBA | F39: 20030 | G39: =_xlfn.XLOOKUP(Indeterminados[[#This Row],[NOMBRE]]&" "&Indeterminados[[#This Row],[APELLIDO]],Mails!A:A,Mails!B:B,"")
A40: MONTALI | B40: GABRIEL MARIANO | C40: Doctor | D40: DOCTORADO EN ESTUDIOS SOCIALES DE AMERICA LATINA | E40: CEA DE LA FACULTAD DE CIENCIAS SOCIALES DE LA UNC | F40: 20180 | G40: =_xlfn.XLOOKUP(Indeterminados[[#This Row],[NOMBRE]]&" "&Indeterminados[[#This Row],[APELLIDO]],Mails!A:A,Mails!B:B,"")
A41: MONTALI | B41: GABRIEL MARIANO | C41: Magister | D41: MASTER UNIVERSITARIO EN CREACION LITERARIA | E41: UNIVERSIDAD POMPEU FABRA | F41: 20110 | G41: =_xlfn.XLOOKUP(Indeterminados[[#This Row],[NOMBRE]]&" "&Indeterminados[[#This Row],[APELLIDO]],Mails!A:A,Mails!B:B,"")
A42: NAZAR | B42: MARIA ALEJANDRA | C42: Magister | D42: magíster en relaciones internacionales | E42: centro de estudios avanzados - universidad nacional de córdoba | F42: 20130 | G42: =_xlfn.XLOOKUP(Indeterminados[[#This Row],[NOMBRE]]&" "&Indeterminados[[#This Row],[APELLIDO]],Mails!A:A,Mails!B:B,"")
A43: ORTEGA | B43: JOSÉ EMILIO | C43: Doctor | D43: Doctor en Estudios Sociales en América Latina | E43: Universidad Nacional de Córdoba | F43: 20210 | G43: =_xlfn.XLOOKUP(Indeterminados[[#This Row],[NOMBRE]]&" "&Indeterminados[[#This Row],[APELLIDO]],Mails!A:A,Mails!B:B,"")
A44: ORTEGA | B44: JOSÉ EMILIO | C44: Magister | D44: Maestría en Partidos Políticos | E44: Universidad Nacional de Córdoba | F44: 20170 | G44: =_xlfn.XLOOKUP(Indeterminados[[#This Row],[NOMBRE]]&" "&Indeterminados[[#This Row],[APELLIDO]],Mails!A:A,Mails!B:B,"")
A45: PIZZICARI | B45: FERNANDO NICOLÁS | C45: Magister | E45: Universidad del Salvador - Paris I Sorbonne | G45: =_xlfn.XLOOKUP(Indeterminados[[#This Row],[NOMBRE]]&" "&Indeterminados[[#This Row],[APELLIDO]],Mails!A:A,Mails!B:B,"")
A46: PONS | B46: DIEGO HERNÁN | C46: Magister | D46: Magister en aplicaciones espaciales de alerta y respuesta temprana a emergencias | E46: Universidad Nacional de Cordoba | F46: 20120 | G46: =_xlfn.XLOOKUP(Indeterminados[[#This Row],[NOMBRE]]&" "&Indeterminados[[#This Row],[APELLIDO]],Mails!A:A,Mails!B:B,"")
A47: PONS | B47: DIEGO HERNÁN | C47: Magister | D47: Magister en Ciencia y Tecnologia Marina | E47: Universidad de Leon | F47: 20110 | G47: =_xlfn.XLOOKUP(Indeterminados[[#This Row],[NOMBRE]]&" "&Indeterminados[[#This Row],[APELLIDO]],Mails!A:A,Mails!B:B,"")
A48: PONS | B48: DIEGO HERNÁN | C48: Doctor | D48: Doctor en Cs. Biologicas | E48: Universidad Nacional de Cordoba | F48: 20140 | G48: =_xlfn.XLOOKUP(Indeterminados[[#This Row],[NOMBRE]]&" "&Indeterminados[[#This Row],[APELLIDO]],Mails!A:A,Mails!B:B,"")
A49: PRIMITZ | B49: IVANA GRACIELA | C49: Magister | D49: MAGISTER EN GESTION Y DESARROLLO HABITACIONAL | E49: UNIVERSIDAD NACIONAL DE CORDOBA | F49: 20100 | G49: =_xlfn.XLOOKUP(Indeterminados[[#This Row],[NOMBRE]]&" "&Indeterminados[[#This Row],[APELLIDO]],Mails!A:A,Mails!B:B,"")
A50: PRÓSPERI | B50: CARLOS HUGO | C50: Doctor | D50: DOCTOR EN CIENCIAS BIOLÓGICAS | E50: UNIVERSIDAD NACIONAL DE CORDOBA | F50: 19840 | G50: =_xlfn.XLOOKUP(Indeterminados[[#This Row],[NOMBRE]]&" "&Indeterminados[[#This Row],[APELLIDO]],Mails!A:A,Mails!B:B,"")
A51: QUIÑONERO | B51: MARCELO ESTEBAN | C51: Doctor | D51: DOCTOR EN ARTES | E51: UNIVERSIDAD NACIONAL DE CÓRDOBA | F51: 20200 | G51: =_xlfn.XLOOKUP(Indeterminados[[#This Row],[NOMBRE]]&" "&Indeterminados[[#This Row],[APELLIDO]],Mails!A:A,Mails!B:B,"")
A52: QUIROGA | B52: ESTELA GLADIS | C52: Magister | D52: MAGISTRA SCIENTIARIUM FÜ R GEOTECHNIK UND INFRASTRUKTUR (M. SC.) | E52: UNIVERSITÄT HANNOVER - ALEMANIA | F52: 20030 | G52: =_xlfn.XLOOKUP(Indeterminados[[#This Row],[NOMBRE]]&" "&Indeterminados[[#This Row],[APELLIDO]],Mails!A:A,Mails!B:B,"")
A53: ROZAS | B53: EDGARDO PABLO | C53: Doctor | D53: DOCTOR EN CIENCIAS SOCIALES | E53: UNIVERSIDAD DE BUENOS AIRES | G53: =_xlfn.XLOOKUP(Indeterminados[[#This Row],[NOMBRE]]&" "&Indeterminados[[#This Row],[APELLIDO]],Mails!A:A,Mails!B:B,"")
A54: ROZAS | B54: EDGARDO PABLO | C54: Magister | D54: MAGISTER EN SOCIOSEMIÓTICA | E54: UNIVERSIDAD NACIONAL DE CÓRDOBA | F54: 20070 | G54: =_xlfn.XLOOKUP(Indeterminados[[#This Row],[NOMBRE]]&" "&Indeterminados[[#This Row],[APELLIDO]],Mails!A:A,Mails!B:B,"")
A55: RUEDA LAJE | B55: TOMAS | C55: Magister | D55: MAGÍSTER UNIVERSITARIO | E55: UNIVERSIDAD COMPLUTENSE DE MADRID | G55: =_xlfn.XLOOKUP(Indeterminados[[#This Row],[NOMBRE]]&" "&Indeterminados[[#This Row],[APELLIDO]],Mails!A:A,Mails!B:B,"")
A56: SABATTINI | B56: VIRGINIA LAURA | C56: Doctor | D56: CIENCIA POLÍTICA | E56: Centro Estudios Avanzados UNIVERSIDAD NACIONAL DE CÓRDOBA CEA UNC | F56: 20140 | G56: =_xlfn.XLOOKUP(Indeterminados[[#This Row],[NOMBRE]]&" "&Indeterminados[[#This Row],[APELLIDO]],Mails!A:A,Mails!B:B,"")
A57: TEYSSEDOU | B57: RAÚL EDUARDO | C57: Doctor | D57: DOCTOR EN PSICOLOGÍA CLÍNICA | E57: UNIVERSIDAD CATÓLICA DE SANTIAGO DE GUAYAQUIL | F57: 19820 | G57: =_xlfn.XLOOKUP(Indeterminados[[#This Row],[NOMBRE]]&" "&Indeterminados[[#This Row],[APELLIDO]],Mails!A:A,Mails!B:B,"")
A58: TOLEDO | B58: ANDRÉS FABIÁN | C58: Doctor | D58: DOCTOR EN FILOSOFÍA | E58: UNIV,CATÓLICA ARGENTINA SANTA MARÍA DE LOS BS. AS. | F58: 20130 | G58: =_xlfn.XLOOKUP(Indeterminados[[#This Row],[NOMBRE]]&" "&Indeterminados[[#This Row],[APELLIDO]],Mails!A:A,Mails!B:B,"")
A59: TOLEDO | B59: ANDRÉS FABIÁN | C59: Magister | D59: MAGISTER EN ÉTICA BIOMÉDICA | E59: UNIV.CATÓLICA ARGENTINA SANTA MARÍA DE LOS BS.AS. | F59: 20050 | G59: =_xlfn.XLOOKUP(Indeterminados[[#This Row],[NOMBRE]]&" "&Indeterminados[[#This Row],[APELLIDO]],Mails!A:A,Mails!B:B,"")
A60: TOLEDO | B60: ANDRÉS FABIÁN | C60: Magister | D60: MAGISTER EN SALUD PÚBLICA | E60: UNIVERSIDAD NACIONAL DE CÓRDOBA | F60: 20160 | G60: =_xlfn.XLOOKUP(Indeterminados[[#This Row],[NOMBRE]]&" "&Indeterminados[[#This Row],[APELLIDO]],Mails!A:A,Mails!B:B,"")
A61: TUDURI | B61: MARIO ESTEBAN | C61: Magister | D61: en Seguridad Publica y Privada | E61: Universidad De Valencia | F61: 20150 | G61: =_xlfn.XLOOKUP(Indeterminados[[#This Row],[NOMBRE]]&" "&Indeterminados[[#This Row],[APELLIDO]],Mails!A:A,Mails!B:B,"")
A62: TUNINETTI | B62: ADRIAN SERAFIN | C62: Magister | D62: MAGISTER EN RELACIONES INTERNACIONALES | E62: CENTRO DE ESTUDIOS AVANZADOS FCS UNC | F62: 20210 | G62: =_xlfn.XLOOKUP(Indeterminados[[#This Row],[NOMBRE]]&" "&Indeterminados[[#This Row],[APELLIDO]],Mails!A:A,Mails!B:B,"")
A63: URQUIZA | B63: MARÍA ISABEL | D63: Posdoctorado en Ciencias Sociales | E63: CEA, UNC | F63: 20220 | G63: =_xlfn.XLOOKUP(Indeterminados[[#This Row],[NOMBRE]]&" "&Indeterminados[[#This Row],[APELLIDO]],Mails!A:A,Mails!B:B,"")
A64: VILLAGRÁN | B64: CONSTANZA | C64: Doctor | D64: DOCTORADO | E64: QUEENS UNIVERSITY BELFAST | F64: 20050 | G64: =_xlfn.XLOOKUP(Indeterminados[[#This Row],[NOMBRE]]&" "&Indeterminados[[#This Row],[APELLIDO]],Mails!A:A,Mails!B:B,"")
A65: WEHBE | B65: YAMIL ROQUE | D65: Medidas cautelares | E65: US21 | F65: 20100 | G65: =_xlfn.XLOOKUP(Indeterminados[[#This Row],[NOMBRE]]&" "&Indeterminados[[#This Row],[APELLIDO]],Mails!A:A,Mails!B:B,"")
A66: YUNIS | B66: YAMILA CAROLINA | D66: Diplomada en Diplomacia Contemporanea | E66: Universidad Nacional de Cordoba | F66: 20060 | G66: =_xlfn.XLOOKUP(Indeterminados[[#This Row],[NOMBRE]]&" "&Indeterminados[[#This Row],[APELLIDO]],Mails!A:A,Mails!B:B,"")
A67: ZANATTA | B67: HUGO ALBERTO | C67: Magister | D67: Máster en Política y Gestión Universitaria | E67: UNIVERSIDAD DE BARCELONA | F67: 20160 | G67: =_xlfn.XLOOKUP(Indeterminados[[#This Row],[NOMBRE]]&" "&Indeterminados[[#This Row],[APELLIDO]],Mails!A:A,Mails!B:B,"")

Sheet Mails
A1: Nombre y apellido | B1: Email
A2: ADELA MARIA LO CELSO GARZON | B2: alocelso@ubp.edu.ar
A3: ADRIANA ESTER RAFFAELI | B3: adriana20091961@hotmail.com
A4: ALEJANDRO RAMÓN SAYA | B4: csaya@ubp.edu.ar
A5: ANA MARÍA ROBLES | B5: arobles@ubp.edu.ar
A6: ANALIA PAULA CONTRONE | B6: analiapc@hotmail.com
A7: ANDREA CAROLINA MARTÍNEZ FUNES | B7: amartinezfunes@ubp.edu.ar
A8: ANDRÉS DE GAETANO | B8: a_degaetano@yahoo.com.ar
A9: ANNA ERNA MARIANNE RICHTER | B9: anna.e.m.richter@gmail.com
A10: ARIEL ALEJANDRO CASTAÑEDA | B10: acastanieda@ubp.edu.ar
A11: AUGUSTO OSCAR BRAVO | B11: abravo@ubp.edu.ar
A12: CARINA DOLORES OLIVA | B12: caroliva@ubp.edu.ar
... A94: Marco Alberto Lorenzatti | B94: malorenzatti@ubp.edu.ar
